 Dungeon Crawl Stone Soup version 0.31-a0-210-gccc998df9b (webtiles) character file.

Game seed: 17157755348691443842

160706 qw the Severer (level 17, -1/113 HPs)
             Began as a Gargoyle Fighter on June 30, 2023.
             Was an Elder of Okawaru.
             Blown up by an orb spider (26 damage)
             ... with an orb of destruction
             ... on level 3 of the Spider Nest.
             The game lasted 00:21:48 (30335 turns).

qw the Severer (Gargoyle Fighter)                  Turns: 30335, Time: 00:21:48

Health: -1/113     AC: 47    Str: 27    XL:     17   Next: 77%
Magic:  1/22       EV: 20    Int: 10    God:    Okawaru [****..]
Gold:   832        SH: 19    Dex:  9    Spells: 16/16 levels left

rFire   . . .        D - +9 broad axe (freeze)
rCold   + . .        y - +0 kite shield
rNeg    + . .        u - +5 plate armour
rPois   inf          (helmet restricted)
rElec   +            o - +2 cloak
rCorr   .            l - +2 pair of gloves
SInv    .            c - +2 pair of boots
Will    +....        s - amulet of reflection Stlth
                     p - +5 ring of evasion
HPRegen 0.38/turn    v - +5 ring of evasion
MPRegen 0.18/turn

%: reflection
@: about to teleport, heroic, on berserk cooldown, flying, slowed, very slow
A: sickness immunity, AC +12, big wings, negative energy resistance 1,
electricity resistance, torment resistance 1, petrification resistance, horns 1,
cold resistance 1, low MP 1, MP-powered wands
a: Renounce Religion, Heroism, Finesse


You were on level 3 of the Spider Nest.
You worshipped Okawaru.
Okawaru was greatly pleased with you.
You visited 6 branches of the dungeon, and saw 29 of its levels.
You visited 1 bazaar.

You collected 3021 gold pieces.
You spent 2189 gold pieces at shops.


Innate Abilities, Weirdness & Mutations

You are immune to sickness and miasma.
Your stone body is resilient. (AC +12)
You are immune to poison.
Your large and strong wings let you fly.
You resist negative energy. (rN+)
You are resistant to electric shocks. (rElec)
You are resistant to unholy torment.
You are immune to petrification.
You have a pair of small horns on your head.
Your flesh is cold resistant. (rC+)
Your magical capacity is low. (-10% MP)
You expend magic power (3 MP) to strengthen your wands.


   Skills:
 - Level 15.0(20.0) Fighting
 - Level 18.0(23.0) Axes
 - Level 8.0(13.0) Throwing
 + Level 13.5(18.5) Armour
 - Level 3.2(8.2) Dodging
 - Level 14.0(19.0) Shields
 - Level 10.0 Invocations


You had 16 spell levels left.
You didn't know any spells.
Your spell library was empty.

Inventory:

Hand Weapons
 i - a +0 hand axe of flaming
 D - a +9 broad axe of freezing (weapon)
Missiles
 m - 3 silver boomerangs
 z - 4 javelins (quivered)
 A - 10 boomerangs
Armour
 c - a +2 pair of boots (worn)
 l - a +2 pair of gloves (worn)
 o - a +2 cloak (worn)
 u - a +5 plate armour (worn)
 y - a +0 kite shield (worn)
 C - a +0 kite shield of reflection
Jewellery
 a - a ring of protection from cold
 e - a ring of ice
 p - a +5 ring of evasion (left hand)
 s - an amulet of reflection (around neck)
 v - a +5 ring of evasion (right hand)
Scrolls
 g - 3 scrolls of teleportation
 r - 18 scrolls of identify
 G - 4 scrolls of enchant weapon
Potions
 b - a potion of resistance
 d - 2 potions of might
 f - 9 potions of curing
 h - 7 potions of lignification
 j - 2 potions of mutation
 k - 3 potions of magic
 q - 4 potions of haste
 t - 8 potions of attraction
 w - 2 potions of enlightenment
 x - 4 potions of heal wounds

Dungeon Overview and Level Annotations

Branches:
Dungeon (15/15)            Temple (1/1) D:7            Lair (5/5) D:9
  Swamp (3/4) Lair:2       Spider (3/4) Lair:3        Slime (0/5) Lair:4
    Orc (2/2) D:11            Elf (0/3) Orc:2        Vaults (0/5) D:14
 Depths (0/4) D:15

Altars:
Ashenzari
Cheibriados
Dithmenos
Elyvilon
Fedhas
Gozag
Hepliaklqana
Kikubaaqudgha
Makhleb
Nemelex Xobeh
Okawaru
Qazlal
Ru
Sif Muna
Trog
Uskayaw
Vehumet
Wu Jian
Xom
Yredelemnul
Zin
The Shining One
Jiyva

Shops:
D:2 ?   D:12 [   D:15 [   Orc:2 =*(?[

Portals:
Pandemonium: Orc:2
Trove: D:11 (give +5 fire dragon scales)

Annotations:
D:3 Ijyb
D:11 2 transporters, Onakli's ghost, journeyman DsFi
Spider:3 Nikola


Message History

The orb spider is moderately wounded.
You slash something! Okawaru accepts your kill.
Reactivating autopickup.
You feel a bit more experienced.
You slice the tarantella!! You freeze the tarantella.
The tarantella is almost dead.
You slice the tarantella!! You freeze the tarantella.
You kill the tarantella!
Okawaru accepts your kill.
The orb spider spins a strand of pure energy.
You see here a tarantella corpse.
Enter note: You feel a strong urge to attack something.
You are no longer berserk.
You are exhausted.
You feel yourself slow down.
Enter note: The orb spider spins a strand of pure energy.
Enter note: The orb spider weaves a glowing orb of energy.
An orb of destruction comes into view.
Enter note:
30332 ||| INVOKING Heroism.
You gain the combat prowess of a mighty hero.
You block the orb of destruction... and reflect it back!
The orb spider weaves a glowing orb of energy.
An orb of destruction comes into view.
Enter note: The orb of destruction hits you!!
The orb spider spins a strand of pure energy.
The orb spider pulsates with a strange energy.
The orb spider weaves a glowing orb of energy.
An orb of destruction comes into view.
Enter note:
30335 ||| READING 4 scrolls of teleportation.
As you read the scroll of teleportation, it crumbles to dust.
You feel strangely unstable. The orb of destruction hits you!!
You die...

##.......##
#...000*..# ..^
.##..0......##...
....0...........
#...0s...^..#.#
#............#####
##.................
.....0.@00s......#
###.......0s...#
##..#####...##
####..##.%.##
###..s....^#..##
#........^.....#
#......##.......
##..^..^0......#
#....%.^........


You could see 3 orb spiders.

Vanquished Creatures
  Mlioglotl (Swamp:1)
  Agnes (D:15)
  Frances (Swamp:1)
  Gastronok (D:9)
  Kirke (D:12)
  A fenstrider witch (Swamp:3)
  An emperor scorpion (Spider:1)
  Aizul (Swamp:2)
  A very ugly thing (D:15)
  3 ghost moths
  2 eleionomae
  Azrael (D:12)
  Snorg (Lair:4)
  2 bunyips
  Josephine (D:12)
  A shambling mangrove (Swamp:1)
  A fire dragon (Lair:5)
  10 hydras
  2 entropy weavers
  A rakshasa (D:15)
  3 demonspawn
  2 ghost crabs (Swamp:1)
  4 alligators
  2 ogre magi (D:15)
  A jorogumo (Spider:2)
  A catoblepas (Lair:1)
  4 centaur warriors
  2 radroaches
  2 dancing weapons (D:14)
  10 two-headed ogres
  7 boulder beetles
  A spriggan berserker (Swamp:2)
  4 demonic crawlers
  3 tengu warriors (D:14)
  Urug (D:12)
  8 orc high priests (Orc:2)
  A spriggan (Swamp:1)
  2 skysharks
  2 sun moths (Spider:2)
  A glowing orange brain (D:15)
  A goliath frog (Swamp:2)
  A sixfirhy (Orc:2)
  4 pharaoh ants
  An orb spider (Spider:1)
  6 swamp dragons
  A wizard (D:14)
  3 bog bodies
  2 deep elf pyromancers (D:12)
  2 steelbarb worms (Spider:2)
  6 orc knights (Orc:2)
  3 ugly things (D:15)
  A manticore (shapeshifter) (D:15)
  12 wolf spiders
  4 orc sorcerers
  2 cyclopes
  A manticore (D:11)
  4 moths of wrath
  7 will-o-the-wisps (Swamp:3)
  A rust devil (Orc:2)
  6 black mambas
  3 torpor snails
  Joseph (D:7)
  15 cane toads
  2 gargoyles
  An efreet (D:13)
  7 rime drakes
  4 kobold demonologists
  8 komodo dragons
  Psyche (D:9)
  7 trolls
  2 hellwings (Orc:2)
  2 bloated husks (Swamp:1)
  3 hornets
  4 meliai
  9 polar bears (Lair:5)
  4 raiju (Lair:5)
  22 tarantellas
  7 tyrant leeches
  Grinder (D:3)
  14 dream sheep
  8 blink frogs (Lair:5)
  Prince Ribbit (D:7)
  A blink frog (shapeshifter) (D:14)
  4 slime creatures (D:15)
  A centaur simulacrum (D:15)
  33 jumping spiders
  21 culicivoras
  3 wyverns
  2 fire elementals (D:12)
  7 wraiths
  2 hogs (D:12)
  A vampire (D:7)
  3 basilisks
  46 yaks
  A neqoxec (Orc:2)
  4 steam dragons
  4 humans (D:12)
  33 redbacks
  7 vampire mosquitoes
  6 wargs
  14 swamp worms
  4 acid dragons
  15 hell hounds
  8 water moccasins
  7 swamp drakes
  38 orc warriors
  An ice beast (D:6)
  A sky beast (D:7)
  14 black bears
  9 ogres
  5 boggarts (D:14)
  30 wolves
  12 centaurs
  5 kobold brigands
  17 bullfrogs
  2 gnoll sergeants
  A scorpion (D:7)
  4 wights (D:6)
  20 killer bees
  3 electric eels
  4 howler monkeys
  5 jellies
  A gnoll bouda (D:4)
  26 orc priests
  A hound (D:6)
  5 iguanas
  Natasha (thrice) (D:4)
  7 hell rats (Lair:5)
  22 orc wizards
  24 gnolls
  6 adders
  A white imp (D:7)
  3 dart slugs
  78 orcs
  3 ball pythons
  10 endoplasms
  3 giant cockroaches
  6 goblins
  6 hobgoblins
  11 jackals
  25 kobolds
  4 quokkas
  2 bats (D:1)
  3 frilled lizards (D:2)
  5 rats
942 creatures vanquished.

Vanquished Creatures (others)
  A hydra (Swamp:2)
  Sonja (Orc:2)
  16 foxfires (Swamp:3)
18 creatures vanquished.

Grand Total: 960 creatures vanquished

Notes
Turn   | Place    | Note
-------+----------+-------------------------------------------
     0 | D:1      | qw the Gargoyle Fighter began the quest for the Orb.
     0 | D:1      | Reached XP level 1. HP: 14/14 MP: 1/1
     0 | D:1      | 0 ||| qw: Version: 0.3-a-26-gee661ec
     0 | D:1      | 0 ||| qw: Game counter: 7213
     0 | D:1      | 0 ||| qw: Melee chars always use a shield: true
     0 | D:1      | 0 ||| qw: God list: Okawaru
     0 | D:1      | 0 ||| qw: Allow faded altars: false
     0 | D:1      | 0 ||| qw: Do Orc after clearing Dungeon:15 true
     0 | D:1      | 0 ||| qw: Do second Lair branch before Depths: true
     0 | D:1      | 0 ||| qw: Lair rune preference: random
     0 | D:1      | 0 ||| qw: Goals: Normal, Zot:1-4, Slime:5, God:TSO, Crypt,
                  | Tomb, Abyss, Pan, Hells, Win
     0 | D:1      | 0 ||| PLANNING D:1-11
    72 | D:1      | Reached skill level 2 in Axes
   261 | D:1      | Reached XP level 2. HP: 19/19 MP: 2/2
   536 | D:1      | 536 ||| Stepping ~*~*~tactically~*~*~ (hiding).
   807 | D:1      | 807 ||| UPGRADING to +0 chain mail.
   817 | D:1      | 817 ||| DROPPING +0 scale mail.
   818 | D:1      | 818 ||| UPGRADING to +6 ring of strength.
   819 | D:1      | 819 ||| READING scroll labelled HOUKAV ALECY.
   820 | D:1      | 820 ||| READING scroll labelled VOS GU MUTAYPI.
   821 | D:1      | 821 ||| READING scroll labelled QATZASK AMMIRA.
   822 | D:1      | 822 ||| DRINKING 2 amethyst potions.
   823 | D:1      | 823 ||| DRINKING 2 sedimented puce potions.
   919 | D:2      | 919 ||| STAIRDANCE
   926 | D:1      | Reached skill level 3 in Axes
   972 | D:2      | Reached XP level 3. HP: 23/23 MP: 3/3
  1121 | D:2      | 1121 ||| DROPPING +0 club.
  1270 | D:2      | Reached XP level 4. HP: 9/28 MP: 4/4
  1271 | D:2      | HP: 7/28 [gnoll/+0 club (3)]
  1275 | D:2      | Reached skill level 4 in Axes
  1384 | D:2      | 1384 ||| Stepping ~*~*~tactically~*~*~ (hiding).
  1513 | D:2      | You fall into a shaft and drop 1 floor!
  1517 | D:3      | 1517 ||| Stepping ~*~*~tactically~*~*~ (stealth).
  1583 | D:3      | Noticed Grinder
  1585 | D:3      | Paralysed by Grinder for 2 turns
  1587 | D:3      | 1587 ||| Stepping ~*~*~tactically~*~*~ (hiding).
  1588 | D:3      | 1588 ||| Stepping ~*~*~tactically~*~*~ (hiding).
  1595 | D:3      | Paralysed by Grinder for 4 turns
  1599 | D:3      | Killed Grinder
  1600 | D:3      | Reached skill level 5 in Axes
  1600 | D:3      | Reached XP level 5. HP: 26/32 MP: 5/5
  1600 | D:3      | Reached XP level 6. HP: 30/37 MP: 6/6
  1674 | D:3      | 1674 ||| UPGRADING to +0 cloak.
  1687 | D:3      | 1687 ||| UPGRADING to ring of willpower.
  1688 | D:3      | 1688 ||| UPGRADING to +5 ring of evasion.
  1690 | D:3      | 1690 ||| UPGRADING to ring of protection from cold.
  1692 | D:3      | 1692 ||| UPGRADING to +6 ring of strength.
  1694 | D:3      | 1694 ||| DROPPING ring of willpower.
  1695 | D:3      | 1695 ||| READING scroll labelled NIPTYE JECU.
  1705 | D:3      | 1705 ||| READING scroll labelled QEOTAL FIDOGH.
  1706 | D:3      | 1706 ||| READING scroll labelled DAUPTO QOODA.
  1707 | D:3      | 1707 ||| READING 3 scrolls labelled XOLANEUTUI.
  1708 | D:3      | 1708 ||| READING 2 scrolls of enchant weapon.
  1708 | D:3      | 1708 ||| ENCHANTING +1 war axe.
  1709 | D:3      | 1709 ||| READING scroll of enchant weapon.
  1709 | D:3      | 1709 ||| ENCHANTING +2 war axe.
  1710 | D:3      | 1710 ||| READING scroll labelled UREJYS HAVIASS.
  1711 | D:3      | 1711 ||| DRINKING 2 green potions.
  1712 | D:3      | 1712 ||| Stepping randomly (stuck).
  1713 | D:3      | 1713 ||| Stepping randomly (stuck).
  1714 | D:3      | 1714 ||| Stepping randomly (stuck).
  1715 | D:3      | 1715 ||| Stepping randomly (stuck).
  1716 | D:3      | 1716 ||| Stepping randomly (stuck).
  1717 | D:3      | 1717 ||| Stepping randomly (stuck).
  1718 | D:3      | 1718 ||| Stepping randomly (stuck).
  1719 | D:3      | 1719 ||| Stepping randomly (stuck).
  1720 | D:3      | 1720 ||| Stepping randomly (stuck).
  1721 | D:3      | 1721 ||| Stepping randomly (stuck).
  1722 | D:3      | 1722 ||| Stepping randomly (stuck).
  1723 | D:3      | 1723 ||| Stepping randomly (stuck).
  1724 | D:3      | 1724 ||| Stepping randomly (stuck).
  1725 | D:3      | 1725 ||| Stepping randomly (stuck).
  1726 | D:3      | 1726 ||| Stepping randomly (stuck).
  1727 | D:3      | 1727 ||| Stepping randomly (stuck).
  1728 | D:3      | 1728 ||| Stepping randomly (stuck).
  1729 | D:3      | 1729 ||| Stepping randomly (stuck).
  1730 | D:3      | 1730 ||| Stepping randomly (stuck).
  1731 | D:3      | 1731 ||| Stepping randomly (stuck).
  1732 | D:3      | 1732 ||| Stepping randomly (stuck).
  1733 | D:3      | 1733 ||| Stepping randomly (stuck).
  1734 | D:3      | 1734 ||| Stepping randomly (stuck).
  1735 | D:3      | 1735 ||| Stepping randomly (stuck).
  1736 | D:3      | 1736 ||| Stepping randomly (stuck).
  1737 | D:3      | 1737 ||| Stepping randomly (stuck).
  1738 | D:3      | 1738 ||| Stepping randomly (stuck).
  1739 | D:3      | 1739 ||| Stepping randomly (stuck).
  1740 | D:3      | 1740 ||| Stepping randomly (stuck).
  1741 | D:3      | 1741 ||| Stepping randomly (stuck).
  1742 | D:3      | 1742 ||| Stepping randomly (stuck).
  1743 | D:3      | 1743 ||| Stepping randomly (stuck).
  1744 | D:3      | 1744 ||| Stepping randomly (stuck).
  1745 | D:3      | 1745 ||| Stepping randomly (stuck).
  1746 | D:3      | 1746 ||| Stepping randomly (stuck).
  1747 | D:3      | 1747 ||| Stepping randomly (stuck).
  1748 | D:3      | 1748 ||| Stepping randomly (stuck).
  1749 | D:3      | 1749 ||| Stepping randomly (stuck).
  1750 | D:3      | 1750 ||| Stepping randomly (stuck).
  1751 | D:3      | 1751 ||| Stepping randomly (stuck).
  1752 | D:3      | 1752 ||| Stepping randomly (stuck).
  1753 | D:3      | 1753 ||| Stepping randomly (stuck).
  1754 | D:3      | 1754 ||| Stepping randomly (stuck).
  1755 | D:3      | 1755 ||| Stepping randomly (stuck).
  1756 | D:3      | 1756 ||| Stepping randomly (stuck).
  1757 | D:3      | 1757 ||| Stepping randomly (stuck).
  1758 | D:3      | 1758 ||| Stepping randomly (stuck).
  1759 | D:3      | 1759 ||| Stepping randomly (stuck).
  1760 | D:3      | 1760 ||| Stepping randomly (stuck).
  1761 | D:3      | 1761 ||| Stepping randomly (stuck).
  1762 | D:3      | 1762 ||| Stepping randomly (stuck).
  1763 | D:3      | 1763 ||| Stepping randomly (stuck).
  1764 | D:3      | 1764 ||| Stepping randomly (stuck).
  1765 | D:3      | 1765 ||| Stepping randomly (stuck).
  1766 | D:3      | 1766 ||| Stepping randomly (stuck).
  1767 | D:3      | 1767 ||| Stepping randomly (stuck).
  1768 | D:3      | 1768 ||| Stepping randomly (stuck).
  1769 | D:3      | 1769 ||| Stepping randomly (stuck).
  1770 | D:3      | 1770 ||| Stepping randomly (stuck).
  1771 | D:3      | 1771 ||| Stepping randomly (stuck).
  1772 | D:3      | 1772 ||| Stepping randomly (stuck).
  1773 | D:3      | 1773 ||| Stepping randomly (stuck).
  1774 | D:3      | 1774 ||| Stepping randomly (stuck).
  1775 | D:3      | 1775 ||| Stepping randomly (stuck).
  1776 | D:3      | 1776 ||| Stepping randomly (stuck).
  1777 | D:3      | 1777 ||| Stepping randomly (stuck).
  1778 | D:3      | 1778 ||| Stepping randomly (stuck).
  1779 | D:3      | 1779 ||| Stepping randomly (stuck).
  1780 | D:3      | 1780 ||| Stepping randomly (stuck).
  1781 | D:3      | 1781 ||| Stepping randomly (stuck).
  1782 | D:3      | 1782 ||| Stepping randomly (stuck).
  1783 | D:3      | 1783 ||| Stepping randomly (stuck).
  1784 | D:3      | 1784 ||| Stepping randomly (stuck).
  1785 | D:3      | 1785 ||| Stepping randomly (stuck).
  1786 | D:3      | 1786 ||| Stepping randomly (stuck).
  1787 | D:3      | 1787 ||| Stepping randomly (stuck).
  1788 | D:3      | 1788 ||| Stepping randomly (stuck).
  1789 | D:3      | 1789 ||| Stepping randomly (stuck).
  1790 | D:3      | 1790 ||| Stepping randomly (stuck).
  1791 | D:3      | 1791 ||| Stepping randomly (stuck).
  1792 | D:3      | 1792 ||| Stepping randomly (stuck).
  1793 | D:3      | 1793 ||| Stepping randomly (stuck).
  1794 | D:3      | 1794 ||| Stepping randomly (stuck).
  1795 | D:3      | 1795 ||| Stepping randomly (stuck).
  1796 | D:3      | 1796 ||| Stepping randomly (stuck).
  1797 | D:3      | 1797 ||| Stepping randomly (stuck).
  1798 | D:3      | 1798 ||| Stepping randomly (stuck).
  1799 | D:3      | 1799 ||| Stepping randomly (stuck).
  1800 | D:3      | 1800 ||| Stepping randomly (stuck).
  1801 | D:3      | 1801 ||| Stepping randomly (stuck).
  1802 | D:3      | 1802 ||| Stepping randomly (stuck).
  1803 | D:3      | 1803 ||| Stepping randomly (stuck).
  1804 | D:3      | 1804 ||| Stepping randomly (stuck).
  1805 | D:3      | 1805 ||| Stepping randomly (stuck).
  1806 | D:3      | 1806 ||| Stepping randomly (stuck).
  1807 | D:3      | 1807 ||| Stepping randomly (stuck).
  1808 | D:3      | 1808 ||| Stepping randomly (stuck).
  1809 | D:3      | 1809 ||| Stepping randomly (stuck).
  1810 | D:3      | 1810 ||| Stepping randomly (stuck).
  1811 | D:3      | 1811 ||| Stepping randomly (stuck).
  1812 | D:3      | 1812 ||| Stepping randomly (stuck).
  1813 | D:3      | 1813 ||| Stepping randomly (stuck).
  1814 | D:3      | 1814 ||| Stepping randomly (stuck).
  1815 | D:3      | 1815 ||| Stepping randomly (stuck).
  1816 | D:3      | 1816 ||| Stepping randomly (stuck).
  1817 | D:3      | 1817 ||| Stepping randomly (stuck).
  1818 | D:3      | 1818 ||| Stepping randomly (stuck).
  1819 | D:3      | 1819 ||| Stepping randomly (stuck).
  1820 | D:3      | 1820 ||| Stepping randomly (stuck).
  1821 | D:3      | 1821 ||| Stepping randomly (stuck).
  1822 | D:3      | 1822 ||| Stepping randomly (stuck).
  1823 | D:3      | 1823 ||| Stepping randomly (stuck).
  1824 | D:3      | 1824 ||| Stepping randomly (stuck).
  1825 | D:3      | 1825 ||| Stepping randomly (stuck).
  1826 | D:3      | 1826 ||| Stepping randomly (stuck).
  1827 | D:3      | 1827 ||| Stepping randomly (stuck).
  1828 | D:3      | 1828 ||| Stepping randomly (stuck).
  1829 | D:3      | 1829 ||| Stepping randomly (stuck).
  1830 | D:3      | 1830 ||| Stepping randomly (stuck).
  1831 | D:3      | 1831 ||| Stepping randomly (stuck).
  1832 | D:3      | 1832 ||| Stepping randomly (stuck).
  1833 | D:3      | 1833 ||| Stepping randomly (stuck).
  1834 | D:3      | 1834 ||| Stepping randomly (stuck).
  1835 | D:3      | 1835 ||| Stepping randomly (stuck).
  1836 | D:3      | 1836 ||| Stepping randomly (stuck).
  1837 | D:3      | 1837 ||| Stepping randomly (stuck).
  1838 | D:3      | 1838 ||| Stepping randomly (stuck).
  1839 | D:3      | 1839 ||| Stepping randomly (stuck).
  1840 | D:3      | 1840 ||| Stepping randomly (stuck).
  1841 | D:3      | 1841 ||| Stepping randomly (stuck).
  1842 | D:3      | 1842 ||| Stepping randomly (stuck).
  1843 | D:3      | 1843 ||| Stepping randomly (stuck).
  1844 | D:3      | 1844 ||| Stepping randomly (stuck).
  1845 | D:3      | 1845 ||| Stepping randomly (stuck).
  1846 | D:3      | 1846 ||| Stepping randomly (stuck).
  1847 | D:3      | 1847 ||| Stepping randomly (stuck).
  1848 | D:3      | 1848 ||| Stepping randomly (stuck).
  1849 | D:3      | 1849 ||| Stepping randomly (stuck).
  1850 | D:3      | 1850 ||| Stepping randomly (stuck).
  1851 | D:3      | 1851 ||| Stepping randomly (stuck).
  1852 | D:3      | 1852 ||| Stepping randomly (stuck).
  1853 | D:3      | 1853 ||| Stepping randomly (stuck).
  1854 | D:3      | 1854 ||| Stepping randomly (stuck).
  1855 | D:3      | 1855 ||| Stepping randomly (stuck).
  1856 | D:3      | 1856 ||| Stepping randomly (stuck).
  1857 | D:3      | 1857 ||| Stepping randomly (stuck).
  1858 | D:3      | 1858 ||| Stepping randomly (stuck).
  1859 | D:3      | 1859 ||| Stepping randomly (stuck).
  1860 | D:3      | 1860 ||| Stepping randomly (stuck).
  1861 | D:3      | 1861 ||| Stepping randomly (stuck).
  1862 | D:3      | 1862 ||| Stepping randomly (stuck).
  1863 | D:3      | 1863 ||| Stepping randomly (stuck).
  1864 | D:3      | 1864 ||| Stepping randomly (stuck).
  1865 | D:3      | 1865 ||| Stepping randomly (stuck).
  1866 | D:3      | 1866 ||| Stepping randomly (stuck).
  1867 | D:3      | 1867 ||| Stepping randomly (stuck).
  1868 | D:3      | 1868 ||| Stepping randomly (stuck).
  1869 | D:3      | 1869 ||| Stepping randomly (stuck).
  1870 | D:3      | 1870 ||| Stepping randomly (stuck).
  1871 | D:3      | 1871 ||| Stepping randomly (stuck).
  1872 | D:3      | 1872 ||| Stepping randomly (stuck).
  1873 | D:3      | 1873 ||| Stepping randomly (stuck).
  1874 | D:3      | 1874 ||| Stepping randomly (stuck).
  1875 | D:3      | 1875 ||| Stepping randomly (stuck).
  1876 | D:3      | 1876 ||| Stepping randomly (stuck).
  1877 | D:3      | 1877 ||| Stepping randomly (stuck).
  1878 | D:3      | 1878 ||| Stepping randomly (stuck).
  1879 | D:3      | 1879 ||| Stepping randomly (stuck).
  1880 | D:3      | 1880 ||| Stepping randomly (stuck).
  1881 | D:3      | 1881 ||| Stepping randomly (stuck).
  1882 | D:3      | 1882 ||| Stepping randomly (stuck).
  1883 | D:3      | 1883 ||| Stepping randomly (stuck).
  1884 | D:3      | 1884 ||| Stepping randomly (stuck).
  1885 | D:3      | 1885 ||| Stepping randomly (stuck).
  1886 | D:3      | 1886 ||| Stepping randomly (stuck).
  1887 | D:3      | 1887 ||| Stepping randomly (stuck).
  1888 | D:3      | 1888 ||| Stepping randomly (stuck).
  1889 | D:3      | 1889 ||| Stepping randomly (stuck).
  1890 | D:3      | 1890 ||| Stepping randomly (stuck).
  1891 | D:3      | 1891 ||| Stepping randomly (stuck).
  1892 | D:3      | 1892 ||| Stepping randomly (stuck).
  1893 | D:3      | 1893 ||| Stepping randomly (stuck).
  1894 | D:3      | 1894 ||| Stepping randomly (stuck).
  1895 | D:3      | 1895 ||| Stepping randomly (stuck).
  1896 | D:3      | 1896 ||| Stepping randomly (stuck).
  1897 | D:3      | 1897 ||| Stepping randomly (stuck).
  1898 | D:3      | 1898 ||| Stepping randomly (stuck).
  1899 | D:3      | 1899 ||| Stepping randomly (stuck).
  1900 | D:3      | 1900 ||| Stepping randomly (stuck).
  1901 | D:3      | 1901 ||| Stepping randomly (stuck).
  1902 | D:3      | 1902 ||| Stepping randomly (stuck).
  1903 | D:3      | 1903 ||| Stepping randomly (stuck).
  1904 | D:3      | 1904 ||| Stepping randomly (stuck).
  1905 | D:3      | 1905 ||| Stepping randomly (stuck).
  1906 | D:3      | 1906 ||| Stepping randomly (stuck).
  1907 | D:3      | 1907 ||| Stepping randomly (stuck).
  1908 | D:3      | 1908 ||| Stepping randomly (stuck).
  1909 | D:3      | 1909 ||| Stepping randomly (stuck).
  1910 | D:3      | 1910 ||| Stepping randomly (stuck).
  1911 | D:3      | 1911 ||| Stepping randomly (stuck).
  1912 | D:3      | 1912 ||| Stepping randomly (stuck).
  1913 | D:3      | 1913 ||| Stepping randomly (stuck).
  1914 | D:3      | 1914 ||| Stepping randomly (stuck).
  1915 | D:3      | 1915 ||| Stepping randomly (stuck).
  1916 | D:3      | 1916 ||| Stepping randomly (stuck).
  1917 | D:3      | 1917 ||| Stepping randomly (stuck).
  1918 | D:3      | 1918 ||| Stepping randomly (stuck).
  1919 | D:3      | 1919 ||| Stepping randomly (stuck).
  1920 | D:3      | 1920 ||| Stepping randomly (stuck).
  1921 | D:3      | 1921 ||| Stepping randomly (stuck).
  1922 | D:3      | 1922 ||| Stepping randomly (stuck).
  1923 | D:3      | 1923 ||| Stepping randomly (stuck).
  1924 | D:3      | 1924 ||| Stepping randomly (stuck).
  1925 | D:3      | 1925 ||| Stepping randomly (stuck).
  1926 | D:3      | 1926 ||| Stepping randomly (stuck).
  1927 | D:3      | 1927 ||| Stepping randomly (stuck).
  1928 | D:3      | 1928 ||| Stepping randomly (stuck).
  1929 | D:3      | 1929 ||| Stepping randomly (stuck).
  1930 | D:3      | 1930 ||| Stepping randomly (stuck).
  1931 | D:3      | 1931 ||| Stepping randomly (stuck).
  1932 | D:3      | 1932 ||| Stepping randomly (stuck).
  1933 | D:3      | 1933 ||| Stepping randomly (stuck).
  1934 | D:3      | 1934 ||| Stepping randomly (stuck).
  1935 | D:3      | 1935 ||| Stepping randomly (stuck).
  1936 | D:3      | 1936 ||| Stepping randomly (stuck).
  1937 | D:3      | 1937 ||| Stepping randomly (stuck).
  1938 | D:3      | 1938 ||| Stepping randomly (stuck).
  1939 | D:3      | 1939 ||| Stepping randomly (stuck).
  1940 | D:3      | 1940 ||| Stepping randomly (stuck).
  1941 | D:3      | 1941 ||| Stepping randomly (stuck).
  1942 | D:3      | 1942 ||| Stepping randomly (stuck).
  1943 | D:3      | 1943 ||| Stepping randomly (stuck).
  1944 | D:3      | 1944 ||| Stepping randomly (stuck).
  1945 | D:3      | 1945 ||| Stepping randomly (stuck).
  1946 | D:3      | 1946 ||| Stepping randomly (stuck).
  1947 | D:3      | 1947 ||| Stepping randomly (stuck).
  1948 | D:3      | 1948 ||| Stepping randomly (stuck).
  1949 | D:3      | 1949 ||| Stepping randomly (stuck).
  1950 | D:3      | 1950 ||| Stepping randomly (stuck).
  1951 | D:3      | 1951 ||| Stepping randomly (stuck).
  1952 | D:3      | 1952 ||| Stepping randomly (stuck).
  1953 | D:3      | 1953 ||| Stepping randomly (stuck).
  1954 | D:3      | 1954 ||| Stepping randomly (stuck).
  1955 | D:3      | 1955 ||| Stepping randomly (stuck).
  1956 | D:3      | 1956 ||| Stepping randomly (stuck).
  1957 | D:3      | 1957 ||| Stepping randomly (stuck).
  1958 | D:3      | 1958 ||| Stepping randomly (stuck).
  1959 | D:3      | 1959 ||| Stepping randomly (stuck).
  1960 | D:3      | 1960 ||| Stepping randomly (stuck).
  1961 | D:3      | 1961 ||| Stepping randomly (stuck).
  1962 | D:3      | 1962 ||| Stepping randomly (stuck).
  1963 | D:3      | 1963 ||| Stepping randomly (stuck).
  1964 | D:3      | 1964 ||| Stepping randomly (stuck).
  1965 | D:3      | 1965 ||| Stepping randomly (stuck).
  1966 | D:3      | 1966 ||| Stepping randomly (stuck).
  1967 | D:3      | 1967 ||| Stepping randomly (stuck).
  1968 | D:3      | 1968 ||| Stepping randomly (stuck).
  1969 | D:3      | 1969 ||| Stepping randomly (stuck).
  1970 | D:3      | 1970 ||| Stepping randomly (stuck).
  1971 | D:3      | 1971 ||| Stepping randomly (stuck).
  1972 | D:3      | 1972 ||| Stepping randomly (stuck).
  1973 | D:3      | 1973 ||| Stepping randomly (stuck).
  1974 | D:3      | 1974 ||| Stepping randomly (stuck).
  1975 | D:3      | 1975 ||| Stepping randomly (stuck).
  1976 | D:3      | 1976 ||| Stepping randomly (stuck).
  1977 | D:3      | 1977 ||| Stepping randomly (stuck).
  1978 | D:3      | 1978 ||| Stepping randomly (stuck).
  1979 | D:3      | 1979 ||| Stepping randomly (stuck).
  1980 | D:3      | 1980 ||| Stepping randomly (stuck).
  1981 | D:3      | 1981 ||| Stepping randomly (stuck).
  1982 | D:3      | 1982 ||| Stepping randomly (stuck).
  1983 | D:3      | 1983 ||| Stepping randomly (stuck).
  1984 | D:3      | 1984 ||| Stepping randomly (stuck).
  1985 | D:3      | 1985 ||| Stepping randomly (stuck).
  1986 | D:3      | 1986 ||| Stepping randomly (stuck).
  1987 | D:3      | 1987 ||| Stepping randomly (stuck).
  1988 | D:3      | 1988 ||| Stepping randomly (stuck).
  1989 | D:3      | 1989 ||| Stepping randomly (stuck).
  1990 | D:3      | 1990 ||| Stepping randomly (stuck).
  1991 | D:3      | 1991 ||| Stepping randomly (stuck).
  1992 | D:3      | 1992 ||| Stepping randomly (stuck).
  1993 | D:3      | 1993 ||| Stepping randomly (stuck).
  1994 | D:3      | 1994 ||| Stepping randomly (stuck).
  1995 | D:3      | 1995 ||| Stepping randomly (stuck).
  1996 | D:3      | 1996 ||| Stepping randomly (stuck).
  1997 | D:3      | 1997 ||| Stepping randomly (stuck).
  1998 | D:3      | 1998 ||| Stepping randomly (stuck).
  1999 | D:3      | 1999 ||| Stepping randomly (stuck).
  2000 | D:3      | 2000 ||| Stepping randomly (stuck).
  2001 | D:3      | 2001 ||| Stepping randomly (stuck).
  2002 | D:3      | 2002 ||| Stepping randomly (stuck).
  2003 | D:3      | 2003 ||| Stepping randomly (stuck).
  2004 | D:3      | 2004 ||| Stepping randomly (stuck).
  2005 | D:3      | 2005 ||| Stepping randomly (stuck).
  2006 | D:3      | 2006 ||| Stepping randomly (stuck).
  2007 | D:3      | 2007 ||| Stepping randomly (stuck).
  2008 | D:3      | 2008 ||| Stepping randomly (stuck).
  2009 | D:3      | 2009 ||| Stepping randomly (stuck).
  2010 | D:3      | 2010 ||| Stepping randomly (stuck).
  2011 | D:3      | 2011 ||| Stepping randomly (stuck).
  2012 | D:3      | 2012 ||| Stepping randomly (stuck).
  2013 | D:3      | 2013 ||| Stepping randomly (stuck).
  2014 | D:3      | 2014 ||| Stepping randomly (stuck).
  2015 | D:3      | 2015 ||| Stepping randomly (stuck).
  2016 | D:3      | 2016 ||| Stepping randomly (stuck).
  2017 | D:3      | 2017 ||| Stepping randomly (stuck).
  2018 | D:3      | 2018 ||| Stepping randomly (stuck).
  2019 | D:3      | 2019 ||| Stepping randomly (stuck).
  2020 | D:3      | 2020 ||| Stepping randomly (stuck).
  2021 | D:3      | 2021 ||| Stepping randomly (stuck).
  2022 | D:3      | 2022 ||| Stepping randomly (stuck).
  2023 | D:3      | 2023 ||| Stepping randomly (stuck).
  2024 | D:3      | 2024 ||| Stepping randomly (stuck).
  2025 | D:3      | 2025 ||| Stepping randomly (stuck).
  2026 | D:3      | 2026 ||| Stepping randomly (stuck).
  2027 | D:3      | 2027 ||| Stepping randomly (stuck).
  2028 | D:3      | 2028 ||| Stepping randomly (stuck).
  2029 | D:3      | 2029 ||| Stepping randomly (stuck).
  2030 | D:3      | 2030 ||| Stepping randomly (stuck).
  2031 | D:3      | 2031 ||| Stepping randomly (stuck).
  2032 | D:3      | 2032 ||| Stepping randomly (stuck).
  2033 | D:3      | 2033 ||| Stepping randomly (stuck).
  2034 | D:3      | 2034 ||| Stepping randomly (stuck).
  2035 | D:3      | 2035 ||| Stepping randomly (stuck).
  2036 | D:3      | 2036 ||| Stepping randomly (stuck).
  2037 | D:3      | 2037 ||| Stepping randomly (stuck).
  2038 | D:3      | 2038 ||| Stepping randomly (stuck).
  2039 | D:3      | 2039 ||| Stepping randomly (stuck).
  2040 | D:3      | 2040 ||| Stepping randomly (stuck).
  2041 | D:3      | 2041 ||| Stepping randomly (stuck).
  2042 | D:3      | 2042 ||| Stepping randomly (stuck).
  2043 | D:3      | 2043 ||| Stepping randomly (stuck).
  2044 | D:3      | 2044 ||| Stepping randomly (stuck).
  2045 | D:3      | 2045 ||| Stepping randomly (stuck).
  2046 | D:3      | 2046 ||| Stepping randomly (stuck).
  2047 | D:3      | 2047 ||| Stepping randomly (stuck).
  2048 | D:3      | 2048 ||| Stepping randomly (stuck).
  2049 | D:3      | 2049 ||| Stepping randomly (stuck).
  2050 | D:3      | 2050 ||| Stepping randomly (stuck).
  2051 | D:3      | 2051 ||| Stepping randomly (stuck).
  2052 | D:3      | 2052 ||| Stepping randomly (stuck).
  2053 | D:3      | 2053 ||| Stepping randomly (stuck).
  2054 | D:3      | 2054 ||| Stepping randomly (stuck).
  2055 | D:3      | 2055 ||| Stepping randomly (stuck).
  2056 | D:3      | 2056 ||| Stepping randomly (stuck).
  2057 | D:3      | 2057 ||| Stepping randomly (stuck).
  2058 | D:3      | 2058 ||| Stepping randomly (stuck).
  2059 | D:3      | 2059 ||| Stepping randomly (stuck).
  2060 | D:3      | 2060 ||| Stepping randomly (stuck).
  2061 | D:3      | 2061 ||| Stepping randomly (stuck).
  2062 | D:3      | 2062 ||| Stepping randomly (stuck).
  2063 | D:3      | 2063 ||| Stepping randomly (stuck).
  2064 | D:3      | 2064 ||| Stepping randomly (stuck).
  2065 | D:3      | 2065 ||| Stepping randomly (stuck).
  2066 | D:3      | 2066 ||| Stepping randomly (stuck).
  2067 | D:3      | 2067 ||| Stepping randomly (stuck).
  2068 | D:3      | 2068 ||| Stepping randomly (stuck).
  2069 | D:3      | 2069 ||| Stepping randomly (stuck).
  2070 | D:3      | 2070 ||| Stepping randomly (stuck).
  2071 | D:3      | 2071 ||| Stepping randomly (stuck).
  2072 | D:3      | 2072 ||| Stepping randomly (stuck).
  2073 | D:3      | 2073 ||| Stepping randomly (stuck).
  2074 | D:3      | 2074 ||| Stepping randomly (stuck).
  2075 | D:3      | 2075 ||| Stepping randomly (stuck).
  2076 | D:3      | 2076 ||| Stepping randomly (stuck).
  2077 | D:3      | 2077 ||| Stepping randomly (stuck).
  2078 | D:3      | 2078 ||| Stepping randomly (stuck).
  2079 | D:3      | 2079 ||| Stepping randomly (stuck).
  2080 | D:3      | 2080 ||| Stepping randomly (stuck).
  2081 | D:3      | 2081 ||| Stepping randomly (stuck).
  2082 | D:3      | 2082 ||| Stepping randomly (stuck).
  2083 | D:3      | 2083 ||| Stepping randomly (stuck).
  2084 | D:3      | 2084 ||| Stepping randomly (stuck).
  2085 | D:3      | 2085 ||| Stepping randomly (stuck).
  2086 | D:3      | 2086 ||| Stepping randomly (stuck).
  2087 | D:3      | 2087 ||| Stepping randomly (stuck).
  2088 | D:3      | 2088 ||| Stepping randomly (stuck).
  2089 | D:3      | 2089 ||| Stepping randomly (stuck).
  2090 | D:3      | 2090 ||| Stepping randomly (stuck).
  2091 | D:3      | 2091 ||| Stepping randomly (stuck).
  2092 | D:3      | 2092 ||| Stepping randomly (stuck).
  2093 | D:3      | 2093 ||| Stepping randomly (stuck).
  2094 | D:3      | 2094 ||| Stepping randomly (stuck).
  2095 | D:3      | 2095 ||| Stepping randomly (stuck).
  2096 | D:3      | 2096 ||| Stepping randomly (stuck).
  2097 | D:3      | 2097 ||| Stepping randomly (stuck).
  2098 | D:3      | 2098 ||| Stepping randomly (stuck).
  2099 | D:3      | 2099 ||| Stepping randomly (stuck).
  2100 | D:3      | 2100 ||| Stepping randomly (stuck).
  2101 | D:3      | 2101 ||| Stepping randomly (stuck).
  2102 | D:3      | 2102 ||| Stepping randomly (stuck).
  2103 | D:3      | 2103 ||| Stepping randomly (stuck).
  2104 | D:3      | 2104 ||| Stepping randomly (stuck).
  2105 | D:3      | 2105 ||| Stepping randomly (stuck).
  2106 | D:3      | 2106 ||| Stepping randomly (stuck).
  2107 | D:3      | 2107 ||| Stepping randomly (stuck).
  2108 | D:3      | 2108 ||| Stepping randomly (stuck).
  2109 | D:3      | 2109 ||| Stepping randomly (stuck).
  2110 | D:3      | 2110 ||| Stepping randomly (stuck).
  2111 | D:3      | 2111 ||| Stepping randomly (stuck).
  2112 | D:3      | 2112 ||| Stepping randomly (stuck).
  2113 | D:3      | 2113 ||| Stepping randomly (stuck).
  2114 | D:3      | 2114 ||| Stepping randomly (stuck).
  2115 | D:3      | 2115 ||| Stepping randomly (stuck).
  2116 | D:3      | 2116 ||| Stepping randomly (stuck).
  2117 | D:3      | 2117 ||| Stepping randomly (stuck).
  2118 | D:3      | 2118 ||| Stepping randomly (stuck).
  2119 | D:3      | 2119 ||| Stepping randomly (stuck).
  2120 | D:3      | 2120 ||| Stepping randomly (stuck).
  2121 | D:3      | 2121 ||| Stepping randomly (stuck).
  2122 | D:3      | 2122 ||| Stepping randomly (stuck).
  2123 | D:3      | 2123 ||| Stepping randomly (stuck).
  2124 | D:3      | 2124 ||| Stepping randomly (stuck).
  2125 | D:3      | 2125 ||| Stepping randomly (stuck).
  2126 | D:3      | 2126 ||| Stepping randomly (stuck).
  2127 | D:3      | 2127 ||| Stepping randomly (stuck).
  2128 | D:3      | 2128 ||| Stepping randomly (stuck).
  2129 | D:3      | 2129 ||| Stepping randomly (stuck).
  2130 | D:3      | 2130 ||| Stepping randomly (stuck).
  2131 | D:3      | 2131 ||| Stepping randomly (stuck).
  2132 | D:3      | 2132 ||| Stepping randomly (stuck).
  2133 | D:3      | 2133 ||| Stepping randomly (stuck).
  2134 | D:3      | 2134 ||| Stepping randomly (stuck).
  2135 | D:3      | 2135 ||| Stepping randomly (stuck).
  2136 | D:3      | 2136 ||| Stepping randomly (stuck).
  2137 | D:3      | 2137 ||| Stepping randomly (stuck).
  2138 | D:3      | 2138 ||| Stepping randomly (stuck).
  2139 | D:3      | 2139 ||| Stepping randomly (stuck).
  2140 | D:3      | 2140 ||| Stepping randomly (stuck).
  2141 | D:3      | 2141 ||| Stepping randomly (stuck).
  2142 | D:3      | 2142 ||| Stepping randomly (stuck).
  2143 | D:3      | 2143 ||| Stepping randomly (stuck).
  2144 | D:3      | 2144 ||| Stepping randomly (stuck).
  2145 | D:3      | 2145 ||| Stepping randomly (stuck).
  2146 | D:3      | 2146 ||| Stepping randomly (stuck).
  2147 | D:3      | 2147 ||| Stepping randomly (stuck).
  2148 | D:3      | 2148 ||| Stepping randomly (stuck).
  2149 | D:3      | 2149 ||| Stepping randomly (stuck).
  2150 | D:3      | 2150 ||| Stepping randomly (stuck).
  2151 | D:3      | 2151 ||| Stepping randomly (stuck).
  2152 | D:3      | 2152 ||| Stepping randomly (stuck).
  2153 | D:3      | 2153 ||| Stepping randomly (stuck).
  2154 | D:3      | 2154 ||| Stepping randomly (stuck).
  2155 | D:3      | 2155 ||| Stepping randomly (stuck).
  2156 | D:3      | 2156 ||| Stepping randomly (stuck).
  2157 | D:3      | 2157 ||| Stepping randomly (stuck).
  2158 | D:3      | 2158 ||| Stepping randomly (stuck).
  2159 | D:3      | 2159 ||| Stepping randomly (stuck).
  2160 | D:3      | 2160 ||| Stepping randomly (stuck).
  2161 | D:3      | 2161 ||| Stepping randomly (stuck).
  2162 | D:3      | 2162 ||| Stepping randomly (stuck).
  2163 | D:3      | 2163 ||| Stepping randomly (stuck).
  2164 | D:3      | 2164 ||| Stepping randomly (stuck).
  2165 | D:3      | 2165 ||| Stepping randomly (stuck).
  2166 | D:3      | 2166 ||| Stepping randomly (stuck).
  2167 | D:3      | 2167 ||| Stepping randomly (stuck).
  2168 | D:3      | 2168 ||| Stepping randomly (stuck).
  2169 | D:3      | 2169 ||| Stepping randomly (stuck).
  2170 | D:3      | 2170 ||| Stepping randomly (stuck).
  2171 | D:3      | 2171 ||| Stepping randomly (stuck).
  2172 | D:3      | 2172 ||| Stepping randomly (stuck).
  2173 | D:3      | 2173 ||| Stepping randomly (stuck).
  2174 | D:3      | 2174 ||| Stepping randomly (stuck).
  2175 | D:3      | 2175 ||| Stepping randomly (stuck).
  2176 | D:3      | 2176 ||| Stepping randomly (stuck).
  2177 | D:3      | 2177 ||| Stepping randomly (stuck).
  2178 | D:3      | 2178 ||| Stepping randomly (stuck).
  2179 | D:3      | 2179 ||| Stepping randomly (stuck).
  2180 | D:3      | 2180 ||| Stepping randomly (stuck).
  2181 | D:3      | 2181 ||| Stepping randomly (stuck).
  2182 | D:3      | 2182 ||| Stepping randomly (stuck).
  2183 | D:3      | 2183 ||| Stepping randomly (stuck).
  2184 | D:3      | 2184 ||| Stepping randomly (stuck).
  2185 | D:3      | 2185 ||| Stepping randomly (stuck).
  2186 | D:3      | 2186 ||| Stepping randomly (stuck).
  2187 | D:3      | 2187 ||| Stepping randomly (stuck).
  2188 | D:3      | 2188 ||| Stepping randomly (stuck).
  2189 | D:3      | 2189 ||| Stepping randomly (stuck).
  2190 | D:3      | 2190 ||| Stepping randomly (stuck).
  2191 | D:3      | 2191 ||| Stepping randomly (stuck).
  2192 | D:3      | 2192 ||| Stepping randomly (stuck).
  2193 | D:3      | 2193 ||| Stepping randomly (stuck).
  2194 | D:3      | 2194 ||| Stepping randomly (stuck).
  2195 | D:3      | 2195 ||| Stepping randomly (stuck).
  2196 | D:3      | 2196 ||| Stepping randomly (stuck).
  2197 | D:3      | 2197 ||| Stepping randomly (stuck).
  2198 | D:3      | 2198 ||| Stepping randomly (stuck).
  2199 | D:3      | 2199 ||| Stepping randomly (stuck).
  2200 | D:3      | 2200 ||| Stepping randomly (stuck).
  2201 | D:3      | 2201 ||| Stepping randomly (stuck).
  2202 | D:3      | 2202 ||| Stepping randomly (stuck).
  2203 | D:3      | 2203 ||| Stepping randomly (stuck).
  2204 | D:3      | 2204 ||| Stepping randomly (stuck).
  2205 | D:3      | 2205 ||| Stepping randomly (stuck).
  2206 | D:3      | 2206 ||| Stepping randomly (stuck).
  2207 | D:3      | 2207 ||| Stepping randomly (stuck).
  2208 | D:3      | 2208 ||| Stepping randomly (stuck).
  2209 | D:3      | 2209 ||| Stepping randomly (stuck).
  2210 | D:3      | 2210 ||| Stepping randomly (stuck).
  2211 | D:3      | 2211 ||| Stepping randomly (stuck).
  2212 | D:3      | 2212 ||| Stepping randomly (stuck).
  2213 | D:3      | 2213 ||| Stepping randomly (stuck).
  2214 | D:3      | 2214 ||| Stepping randomly (stuck).
  2215 | D:3      | 2215 ||| Stepping randomly (stuck).
  2216 | D:3      | 2216 ||| Stepping randomly (stuck).
  2217 | D:3      | 2217 ||| Stepping randomly (stuck).
  2218 | D:3      | 2218 ||| Stepping randomly (stuck).
  2219 | D:3      | 2219 ||| Stepping randomly (stuck).
  2220 | D:3      | 2220 ||| Stepping randomly (stuck).
  2221 | D:3      | 2221 ||| Stepping randomly (stuck).
  2222 | D:3      | 2222 ||| Stepping randomly (stuck).
  2223 | D:3      | 2223 ||| Stepping randomly (stuck).
  2224 | D:3      | 2224 ||| Stepping randomly (stuck).
  2225 | D:3      | 2225 ||| Stepping randomly (stuck).
  2226 | D:3      | 2226 ||| Stepping randomly (stuck).
  2227 | D:3      | 2227 ||| Stepping randomly (stuck).
  2228 | D:3      | 2228 ||| Stepping randomly (stuck).
  2229 | D:3      | 2229 ||| Stepping randomly (stuck).
  2230 | D:3      | 2230 ||| Stepping randomly (stuck).
  2231 | D:3      | 2231 ||| Stepping randomly (stuck).
  2232 | D:3      | 2232 ||| Stepping randomly (stuck).
  2233 | D:3      | 2233 ||| Stepping randomly (stuck).
  2234 | D:3      | 2234 ||| Stepping randomly (stuck).
  2235 | D:3      | 2235 ||| Stepping randomly (stuck).
  2236 | D:3      | 2236 ||| Stepping randomly (stuck).
  2237 | D:3      | 2237 ||| Stepping randomly (stuck).
  2238 | D:3      | 2238 ||| Stepping randomly (stuck).
  2239 | D:3      | 2239 ||| Stepping randomly (stuck).
  2240 | D:3      | 2240 ||| Stepping randomly (stuck).
  2241 | D:3      | 2241 ||| Stepping randomly (stuck).
  2242 | D:3      | 2242 ||| Stepping randomly (stuck).
  2243 | D:3      | 2243 ||| Stepping randomly (stuck).
  2244 | D:3      | 2244 ||| Stepping randomly (stuck).
  2245 | D:3      | 2245 ||| Stepping randomly (stuck).
  2246 | D:3      | 2246 ||| Stepping randomly (stuck).
  2247 | D:3      | 2247 ||| Stepping randomly (stuck).
  2248 | D:3      | 2248 ||| Stepping randomly (stuck).
  2249 | D:3      | 2249 ||| Stepping randomly (stuck).
  2250 | D:3      | 2250 ||| Stepping randomly (stuck).
  2251 | D:3      | 2251 ||| Stepping randomly (stuck).
  2252 | D:3      | 2252 ||| Stepping randomly (stuck).
  2253 | D:3      | 2253 ||| Stepping randomly (stuck).
  2254 | D:3      | 2254 ||| Stepping randomly (stuck).
  2255 | D:3      | 2255 ||| Stepping randomly (stuck).
  2256 | D:3      | 2256 ||| Stepping randomly (stuck).
  2257 | D:3      | 2257 ||| Stepping randomly (stuck).
  2258 | D:3      | 2258 ||| Stepping randomly (stuck).
  2259 | D:3      | 2259 ||| Stepping randomly (stuck).
  2260 | D:3      | 2260 ||| Stepping randomly (stuck).
  2261 | D:3      | 2261 ||| Stepping randomly (stuck).
  2262 | D:3      | 2262 ||| Stepping randomly (stuck).
  2263 | D:3      | 2263 ||| Stepping randomly (stuck).
  2264 | D:3      | 2264 ||| Stepping randomly (stuck).
  2265 | D:3      | 2265 ||| Stepping randomly (stuck).
  2266 | D:3      | 2266 ||| Stepping randomly (stuck).
  2267 | D:3      | 2267 ||| Stepping randomly (stuck).
  2268 | D:3      | 2268 ||| Stepping randomly (stuck).
  2269 | D:3      | 2269 ||| Stepping randomly (stuck).
  2270 | D:3      | 2270 ||| Stepping randomly (stuck).
  2271 | D:3      | 2271 ||| Stepping randomly (stuck).
  2272 | D:3      | 2272 ||| Stepping randomly (stuck).
  2273 | D:3      | 2273 ||| Stepping randomly (stuck).
  2274 | D:3      | 2274 ||| Stepping randomly (stuck).
  2275 | D:3      | 2275 ||| Stepping randomly (stuck).
  2276 | D:3      | 2276 ||| Stepping randomly (stuck).
  2277 | D:3      | 2277 ||| Stepping randomly (stuck).
  2278 | D:3      | 2278 ||| Stepping randomly (stuck).
  2279 | D:3      | 2279 ||| Stepping randomly (stuck).
  2280 | D:3      | 2280 ||| Stepping randomly (stuck).
  2281 | D:3      | 2281 ||| Stepping randomly (stuck).
  2282 | D:3      | 2282 ||| Stepping randomly (stuck).
  2283 | D:3      | 2283 ||| Stepping randomly (stuck).
  2284 | D:3      | 2284 ||| Stepping randomly (stuck).
  2285 | D:3      | 2285 ||| Stepping randomly (stuck).
  2286 | D:3      | 2286 ||| Stepping randomly (stuck).
  2287 | D:3      | 2287 ||| Stepping randomly (stuck).
  2288 | D:3      | 2288 ||| Stepping randomly (stuck).
  2289 | D:3      | 2289 ||| Stepping randomly (stuck).
  2290 | D:3      | 2290 ||| Stepping randomly (stuck).
  2291 | D:3      | 2291 ||| Stepping randomly (stuck).
  2292 | D:3      | 2292 ||| Stepping randomly (stuck).
  2293 | D:3      | 2293 ||| Stepping randomly (stuck).
  2294 | D:3      | 2294 ||| Stepping randomly (stuck).
  2295 | D:3      | 2295 ||| Stepping randomly (stuck).
  2296 | D:3      | 2296 ||| Stepping randomly (stuck).
  2297 | D:3      | 2297 ||| Stepping randomly (stuck).
  2298 | D:3      | 2298 ||| Stepping randomly (stuck).
  2299 | D:3      | 2299 ||| Stepping randomly (stuck).
  2300 | D:3      | 2300 ||| Stepping randomly (stuck).
  2301 | D:3      | 2301 ||| Stepping randomly (stuck).
  2302 | D:3      | 2302 ||| Stepping randomly (stuck).
  2303 | D:3      | 2303 ||| Stepping randomly (stuck).
  2304 | D:3      | 2304 ||| Stepping randomly (stuck).
  2305 | D:3      | 2305 ||| Stepping randomly (stuck).
  2306 | D:3      | 2306 ||| Stepping randomly (stuck).
  2307 | D:3      | 2307 ||| Stepping randomly (stuck).
  2308 | D:3      | 2308 ||| Stepping randomly (stuck).
  2309 | D:3      | 2309 ||| Stepping randomly (stuck).
  2310 | D:3      | 2310 ||| Stepping randomly (stuck).
  2311 | D:3      | 2311 ||| Stepping randomly (stuck).
  2312 | D:3      | 2312 ||| Stepping randomly (stuck).
  2313 | D:3      | 2313 ||| Stepping randomly (stuck).
  2314 | D:3      | 2314 ||| Stepping randomly (stuck).
  2315 | D:3      | 2315 ||| Stepping randomly (stuck).
  2316 | D:3      | 2316 ||| Stepping randomly (stuck).
  2317 | D:3      | 2317 ||| Stepping randomly (stuck).
  2318 | D:3      | 2318 ||| Stepping randomly (stuck).
  2319 | D:3      | 2319 ||| Stepping randomly (stuck).
  2320 | D:3      | 2320 ||| Stepping randomly (stuck).
  2321 | D:3      | 2321 ||| Stepping randomly (stuck).
  2322 | D:3      | 2322 ||| Stepping randomly (stuck).
  2323 | D:3      | 2323 ||| Stepping randomly (stuck).
  2324 | D:3      | 2324 ||| Stepping randomly (stuck).
  2325 | D:3      | 2325 ||| Stepping randomly (stuck).
  2326 | D:3      | 2326 ||| Stepping randomly (stuck).
  2327 | D:3      | 2327 ||| Stepping randomly (stuck).
  2328 | D:3      | 2328 ||| Stepping randomly (stuck).
  2329 | D:3      | 2329 ||| Stepping randomly (stuck).
  2330 | D:3      | 2330 ||| Stepping randomly (stuck).
  2331 | D:3      | 2331 ||| Stepping randomly (stuck).
  2332 | D:3      | 2332 ||| Stepping randomly (stuck).
  2333 | D:3      | 2333 ||| Stepping randomly (stuck).
  2334 | D:3      | 2334 ||| Stepping randomly (stuck).
  2335 | D:3      | 2335 ||| Stepping randomly (stuck).
  2336 | D:3      | 2336 ||| Stepping randomly (stuck).
  2337 | D:3      | 2337 ||| Stepping randomly (stuck).
  2338 | D:3      | 2338 ||| Stepping randomly (stuck).
  2339 | D:3      | 2339 ||| Stepping randomly (stuck).
  2340 | D:3      | 2340 ||| Stepping randomly (stuck).
  2341 | D:3      | 2341 ||| Stepping randomly (stuck).
  2342 | D:3      | 2342 ||| Stepping randomly (stuck).
  2343 | D:3      | 2343 ||| Stepping randomly (stuck).
  2344 | D:3      | 2344 ||| Stepping randomly (stuck).
  2345 | D:3      | 2345 ||| Stepping randomly (stuck).
  2346 | D:3      | 2346 ||| Stepping randomly (stuck).
  2347 | D:3      | 2347 ||| Stepping randomly (stuck).
  2348 | D:3      | 2348 ||| Stepping randomly (stuck).
  2349 | D:3      | 2349 ||| Stepping randomly (stuck).
  2350 | D:3      | 2350 ||| Stepping randomly (stuck).
  2351 | D:3      | 2351 ||| Stepping randomly (stuck).
  2352 | D:3      | 2352 ||| Stepping randomly (stuck).
  2353 | D:3      | 2353 ||| Stepping randomly (stuck).
  2354 | D:3      | 2354 ||| Stepping randomly (stuck).
  2355 | D:3      | 2355 ||| Stepping randomly (stuck).
  2356 | D:3      | 2356 ||| Stepping randomly (stuck).
  2357 | D:3      | 2357 ||| Stepping randomly (stuck).
  2358 | D:3      | 2358 ||| Stepping randomly (stuck).
  2359 | D:3      | 2359 ||| Stepping randomly (stuck).
  2360 | D:3      | 2360 ||| Stepping randomly (stuck).
  2361 | D:3      | 2361 ||| Stepping randomly (stuck).
  2362 | D:3      | 2362 ||| Stepping randomly (stuck).
  2363 | D:3      | 2363 ||| Stepping randomly (stuck).
  2364 | D:3      | 2364 ||| Stepping randomly (stuck).
  2365 | D:3      | 2365 ||| Stepping randomly (stuck).
  2366 | D:3      | 2366 ||| Stepping randomly (stuck).
  2367 | D:3      | 2367 ||| Stepping randomly (stuck).
  2368 | D:3      | 2368 ||| Stepping randomly (stuck).
  2369 | D:3      | 2369 ||| Stepping randomly (stuck).
  2370 | D:3      | 2370 ||| Stepping randomly (stuck).
  2371 | D:3      | 2371 ||| Stepping randomly (stuck).
  2372 | D:3      | 2372 ||| Stepping randomly (stuck).
  2373 | D:3      | 2373 ||| Stepping randomly (stuck).
  2374 | D:3      | 2374 ||| Stepping randomly (stuck).
  2375 | D:3      | 2375 ||| Stepping randomly (stuck).
  2376 | D:3      | 2376 ||| Stepping randomly (stuck).
  2377 | D:3      | 2377 ||| Stepping randomly (stuck).
  2378 | D:3      | 2378 ||| Stepping randomly (stuck).
  2379 | D:3      | 2379 ||| Stepping randomly (stuck).
  2380 | D:3      | 2380 ||| Stepping randomly (stuck).
  2381 | D:3      | 2381 ||| Stepping randomly (stuck).
  2382 | D:3      | 2382 ||| Stepping randomly (stuck).
  2383 | D:3      | 2383 ||| Stepping randomly (stuck).
  2384 | D:3      | 2384 ||| Stepping randomly (stuck).
  2385 | D:3      | 2385 ||| Stepping randomly (stuck).
  2386 | D:3      | 2386 ||| Stepping randomly (stuck).
  2387 | D:3      | 2387 ||| Stepping randomly (stuck).
  2388 | D:3      | 2388 ||| Stepping randomly (stuck).
  2389 | D:3      | 2389 ||| Stepping randomly (stuck).
  2390 | D:3      | 2390 ||| Stepping randomly (stuck).
  2391 | D:3      | 2391 ||| Stepping randomly (stuck).
  2392 | D:3      | 2392 ||| Stepping randomly (stuck).
  2393 | D:3      | 2393 ||| Stepping randomly (stuck).
  2394 | D:3      | 2394 ||| Stepping randomly (stuck).
  2395 | D:3      | 2395 ||| Stepping randomly (stuck).
  2396 | D:3      | 2396 ||| Stepping randomly (stuck).
  2397 | D:3      | 2397 ||| Stepping randomly (stuck).
  2398 | D:3      | 2398 ||| Stepping randomly (stuck).
  2399 | D:3      | 2399 ||| Stepping randomly (stuck).
  2400 | D:3      | 2400 ||| Stepping randomly (stuck).
  2401 | D:3      | 2401 ||| Stepping randomly (stuck).
  2402 | D:3      | 2402 ||| Stepping randomly (stuck).
  2403 | D:3      | 2403 ||| Stepping randomly (stuck).
  2404 | D:3      | 2404 ||| Stepping randomly (stuck).
  2405 | D:3      | 2405 ||| Stepping randomly (stuck).
  2406 | D:3      | 2406 ||| Stepping randomly (stuck).
  2407 | D:3      | 2407 ||| Stepping randomly (stuck).
  2408 | D:3      | 2408 ||| Stepping randomly (stuck).
  2409 | D:3      | 2409 ||| Stepping randomly (stuck).
  2410 | D:3      | 2410 ||| Stepping randomly (stuck).
  2411 | D:3      | 2411 ||| Stepping randomly (stuck).
  2412 | D:3      | 2412 ||| Stepping randomly (stuck).
  2413 | D:3      | 2413 ||| Stepping randomly (stuck).
  2414 | D:3      | 2414 ||| Stepping randomly (stuck).
  2415 | D:3      | 2415 ||| Stepping randomly (stuck).
  2416 | D:3      | 2416 ||| Stepping randomly (stuck).
  2417 | D:3      | 2417 ||| Stepping randomly (stuck).
  2418 | D:3      | 2418 ||| Stepping randomly (stuck).
  2419 | D:3      | 2419 ||| Stepping randomly (stuck).
  2420 | D:3      | 2420 ||| Stepping randomly (stuck).
  2421 | D:3      | 2421 ||| Stepping randomly (stuck).
  2422 | D:3      | 2422 ||| Stepping randomly (stuck).
  2423 | D:3      | 2423 ||| Stepping randomly (stuck).
  2424 | D:3      | 2424 ||| Stepping randomly (stuck).
  2425 | D:3      | 2425 ||| Stepping randomly (stuck).
  2426 | D:3      | 2426 ||| Stepping randomly (stuck).
  2427 | D:3      | 2427 ||| Stepping randomly (stuck).
  2428 | D:3      | 2428 ||| Stepping randomly (stuck).
  2429 | D:3      | 2429 ||| Stepping randomly (stuck).
  2430 | D:3      | 2430 ||| Stepping randomly (stuck).
  2431 | D:3      | 2431 ||| Stepping randomly (stuck).
  2432 | D:3      | 2432 ||| Stepping randomly (stuck).
  2433 | D:3      | 2433 ||| Stepping randomly (stuck).
  2434 | D:3      | 2434 ||| Stepping randomly (stuck).
  2435 | D:3      | 2435 ||| Stepping randomly (stuck).
  2436 | D:3      | 2436 ||| Stepping randomly (stuck).
  2437 | D:3      | 2437 ||| Stepping randomly (stuck).
  2438 | D:3      | 2438 ||| Stepping randomly (stuck).
  2439 | D:3      | 2439 ||| Stepping randomly (stuck).
  2440 | D:3      | 2440 ||| Stepping randomly (stuck).
  2441 | D:3      | 2441 ||| Stepping randomly (stuck).
  2442 | D:3      | 2442 ||| Stepping randomly (stuck).
  2443 | D:3      | 2443 ||| Stepping randomly (stuck).
  2444 | D:3      | 2444 ||| Stepping randomly (stuck).
  2445 | D:3      | 2445 ||| Stepping randomly (stuck).
  2446 | D:3      | 2446 ||| Stepping randomly (stuck).
  2447 | D:3      | 2447 ||| Stepping randomly (stuck).
  2448 | D:3      | 2448 ||| Stepping randomly (stuck).
  2449 | D:3      | 2449 ||| Stepping randomly (stuck).
  2450 | D:3      | 2450 ||| Stepping randomly (stuck).
  2451 | D:3      | 2451 ||| Stepping randomly (stuck).
  2452 | D:3      | 2452 ||| Stepping randomly (stuck).
  2453 | D:3      | 2453 ||| Stepping randomly (stuck).
  2454 | D:3      | 2454 ||| Stepping randomly (stuck).
  2455 | D:3      | 2455 ||| Stepping randomly (stuck).
  2456 | D:3      | 2456 ||| Stepping randomly (stuck).
  2457 | D:3      | 2457 ||| Stepping randomly (stuck).
  2458 | D:3      | 2458 ||| Stepping randomly (stuck).
  2459 | D:3      | 2459 ||| Stepping randomly (stuck).
  2460 | D:3      | 2460 ||| Stepping randomly (stuck).
  2461 | D:3      | 2461 ||| Stepping randomly (stuck).
  2462 | D:3      | 2462 ||| Stepping randomly (stuck).
  2463 | D:3      | 2463 ||| Stepping randomly (stuck).
  2464 | D:3      | 2464 ||| Stepping randomly (stuck).
  2465 | D:3      | 2465 ||| Stepping randomly (stuck).
  2466 | D:3      | 2466 ||| Stepping randomly (stuck).
  2467 | D:3      | 2467 ||| Stepping randomly (stuck).
  2468 | D:3      | 2468 ||| Stepping randomly (stuck).
  2469 | D:3      | 2469 ||| Stepping randomly (stuck).
  2470 | D:3      | 2470 ||| Stepping randomly (stuck).
  2471 | D:3      | 2471 ||| Stepping randomly (stuck).
  2472 | D:3      | 2472 ||| Stepping randomly (stuck).
  2473 | D:3      | 2473 ||| Stepping randomly (stuck).
  2474 | D:3      | 2474 ||| Stepping randomly (stuck).
  2475 | D:3      | 2475 ||| Stepping randomly (stuck).
  2476 | D:3      | 2476 ||| Stepping randomly (stuck).
  2477 | D:3      | 2477 ||| Stepping randomly (stuck).
  2478 | D:3      | 2478 ||| Stepping randomly (stuck).
  2479 | D:3      | 2479 ||| Stepping randomly (stuck).
  2480 | D:3      | 2480 ||| Stepping randomly (stuck).
  2481 | D:3      | 2481 ||| Stepping randomly (stuck).
  2482 | D:3      | 2482 ||| Stepping randomly (stuck).
  2483 | D:3      | 2483 ||| Stepping randomly (stuck).
  2484 | D:3      | 2484 ||| Stepping randomly (stuck).
  2485 | D:3      | 2485 ||| Stepping randomly (stuck).
  2486 | D:3      | 2486 ||| Stepping randomly (stuck).
  2487 | D:3      | 2487 ||| Stepping randomly (stuck).
  2488 | D:3      | 2488 ||| Stepping randomly (stuck).
  2489 | D:3      | 2489 ||| Stepping randomly (stuck).
  2490 | D:3      | 2490 ||| Stepping randomly (stuck).
  2491 | D:3      | 2491 ||| Stepping randomly (stuck).
  2492 | D:3      | 2492 ||| Stepping randomly (stuck).
  2493 | D:3      | 2493 ||| Stepping randomly (stuck).
  2494 | D:3      | 2494 ||| Stepping randomly (stuck).
  2495 | D:3      | 2495 ||| Stepping randomly (stuck).
  2496 | D:3      | 2496 ||| Stepping randomly (stuck).
  2497 | D:3      | 2497 ||| Stepping randomly (stuck).
  2498 | D:3      | 2498 ||| Stepping randomly (stuck).
  2499 | D:3      | 2499 ||| Stepping randomly (stuck).
  2500 | D:3      | 2500 ||| Stepping randomly (stuck).
  2501 | D:3      | 2501 ||| Stepping randomly (stuck).
  2502 | D:3      | 2502 ||| Stepping randomly (stuck).
  2503 | D:3      | 2503 ||| Stepping randomly (stuck).
  2504 | D:3      | 2504 ||| Stepping randomly (stuck).
  2505 | D:3      | 2505 ||| Stepping randomly (stuck).
  2506 | D:3      | 2506 ||| Stepping randomly (stuck).
  2507 | D:3      | 2507 ||| Stepping randomly (stuck).
  2508 | D:3      | 2508 ||| Stepping randomly (stuck).
  2509 | D:3      | 2509 ||| Stepping randomly (stuck).
  2510 | D:3      | 2510 ||| Stepping randomly (stuck).
  2522 | D:3      | 2522 ||| Stepping randomly (stuck).
  2523 | D:3      | 2523 ||| Stepping randomly (stuck).
  2524 | D:3      | 2524 ||| Stepping randomly (stuck).
  2525 | D:3      | 2525 ||| Stepping randomly (stuck).
  2526 | D:3      | 2526 ||| Stepping randomly (stuck).
  2527 | D:3      | 2527 ||| Stepping randomly (stuck).
  2528 | D:3      | 2528 ||| Stepping randomly (stuck).
  2529 | D:3      | 2529 ||| Stepping randomly (stuck).
  2530 | D:3      | 2530 ||| Stepping randomly (stuck).
  2531 | D:3      | 2531 ||| Stepping randomly (stuck).
  2532 | D:3      | 2532 ||| Stepping randomly (stuck).
  2533 | D:3      | 2533 ||| Stepping randomly (stuck).
  2534 | D:3      | 2534 ||| Stepping randomly (stuck).
  2535 | D:3      | 2535 ||| Stepping randomly (stuck).
  2536 | D:3      | 2536 ||| Stepping randomly (stuck).
  2537 | D:3      | 2537 ||| Stepping randomly (stuck).
  2538 | D:3      | 2538 ||| Stepping randomly (stuck).
  2539 | D:3      | 2539 ||| Stepping randomly (stuck).
  2540 | D:3      | 2540 ||| Stepping randomly (stuck).
  2541 | D:3      | 2541 ||| Stepping randomly (stuck).
  2542 | D:3      | 2542 ||| Stepping randomly (stuck).
  2543 | D:3      | 2543 ||| Stepping randomly (stuck).
  2544 | D:3      | 2544 ||| Stepping randomly (stuck).
  2545 | D:3      | 2545 ||| Stepping randomly (stuck).
  2546 | D:3      | 2546 ||| Stepping randomly (stuck).
  2547 | D:3      | 2547 ||| Stepping randomly (stuck).
  2548 | D:3      | 2548 ||| Stepping randomly (stuck).
  2549 | D:3      | 2549 ||| Stepping randomly (stuck).
  2550 | D:3      | 2550 ||| Stepping randomly (stuck).
  2551 | D:3      | 2551 ||| Stepping randomly (stuck).
  2552 | D:3      | 2552 ||| Stepping randomly (stuck).
  2553 | D:3      | 2553 ||| Stepping randomly (stuck).
  2554 | D:3      | 2554 ||| Stepping randomly (stuck).
  2555 | D:3      | 2555 ||| Stepping randomly (stuck).
  2556 | D:3      | 2556 ||| Stepping randomly (stuck).
  2557 | D:3      | 2557 ||| Stepping randomly (stuck).
  2558 | D:3      | 2558 ||| Stepping randomly (stuck).
  2559 | D:3      | 2559 ||| Stepping randomly (stuck).
  2560 | D:3      | 2560 ||| Stepping randomly (stuck).
  2561 | D:3      | 2561 ||| Stepping randomly (stuck).
  2562 | D:3      | 2562 ||| Stepping randomly (stuck).
  2563 | D:3      | 2563 ||| Stepping randomly (stuck).
  2564 | D:3      | 2564 ||| Stepping randomly (stuck).
  2565 | D:3      | 2565 ||| Stepping randomly (stuck).
  2566 | D:3      | 2566 ||| Stepping randomly (stuck).
  2567 | D:3      | 2567 ||| Stepping randomly (stuck).
  2568 | D:3      | 2568 ||| Stepping randomly (stuck).
  2569 | D:3      | 2569 ||| Stepping randomly (stuck).
  2570 | D:3      | 2570 ||| Stepping randomly (stuck).
  2571 | D:3      | 2571 ||| Stepping randomly (stuck).
  2572 | D:3      | 2572 ||| Stepping randomly (stuck).
  2573 | D:3      | 2573 ||| Stepping randomly (stuck).
  2574 | D:3      | 2574 ||| Stepping randomly (stuck).
  2575 | D:3      | 2575 ||| Stepping randomly (stuck).
  2576 | D:3      | 2576 ||| Stepping randomly (stuck).
  2577 | D:3      | 2577 ||| Stepping randomly (stuck).
  2578 | D:3      | 2578 ||| Stepping randomly (stuck).
  2579 | D:3      | 2579 ||| Stepping randomly (stuck).
  2580 | D:3      | 2580 ||| Stepping randomly (stuck).
  2581 | D:3      | 2581 ||| Stepping randomly (stuck).
  2582 | D:3      | 2582 ||| Stepping randomly (stuck).
  2583 | D:3      | 2583 ||| Stepping randomly (stuck).
  2584 | D:3      | 2584 ||| Stepping randomly (stuck).
  2585 | D:3      | 2585 ||| Stepping randomly (stuck).
  2586 | D:3      | 2586 ||| Stepping randomly (stuck).
  2587 | D:3      | 2587 ||| Stepping randomly (stuck).
  2588 | D:3      | 2588 ||| Stepping randomly (stuck).
  2589 | D:3      | 2589 ||| Stepping randomly (stuck).
  2590 | D:3      | 2590 ||| Stepping randomly (stuck).
  2591 | D:3      | 2591 ||| Stepping randomly (stuck).
  2592 | D:3      | 2592 ||| Stepping randomly (stuck).
  2593 | D:3      | 2593 ||| Stepping randomly (stuck).
  2594 | D:3      | 2594 ||| Stepping randomly (stuck).
  2595 | D:3      | 2595 ||| Stepping randomly (stuck).
  2596 | D:3      | 2596 ||| Stepping randomly (stuck).
  2597 | D:3      | 2597 ||| Stepping randomly (stuck).
  2598 | D:3      | 2598 ||| Stepping randomly (stuck).
  2599 | D:3      | 2599 ||| Stepping randomly (stuck).
  2600 | D:3      | 2600 ||| Stepping randomly (stuck).
  2601 | D:3      | 2601 ||| Stepping randomly (stuck).
  2602 | D:3      | 2602 ||| Stepping randomly (stuck).
  2603 | D:3      | 2603 ||| Stepping randomly (stuck).
  2604 | D:3      | 2604 ||| Stepping randomly (stuck).
  2605 | D:3      | 2605 ||| Stepping randomly (stuck).
  2606 | D:3      | 2606 ||| Stepping randomly (stuck).
  2607 | D:3      | 2607 ||| Stepping randomly (stuck).
  2608 | D:3      | 2608 ||| Stepping randomly (stuck).
  2609 | D:3      | 2609 ||| Stepping randomly (stuck).
  2610 | D:3      | 2610 ||| Stepping randomly (stuck).
  2611 | D:3      | 2611 ||| Stepping randomly (stuck).
  2612 | D:3      | 2612 ||| Stepping randomly (stuck).
  2613 | D:3      | 2613 ||| Stepping randomly (stuck).
  2614 | D:3      | 2614 ||| Stepping randomly (stuck).
  2615 | D:3      | 2615 ||| Stepping randomly (stuck).
  2616 | D:3      | 2616 ||| Stepping randomly (stuck).
  2617 | D:3      | 2617 ||| Stepping randomly (stuck).
  2618 | D:3      | 2618 ||| Stepping randomly (stuck).
  2619 | D:3      | 2619 ||| Stepping randomly (stuck).
  2620 | D:3      | 2620 ||| Stepping randomly (stuck).
  2621 | D:3      | 2621 ||| Stepping randomly (stuck).
  2622 | D:3      | 2622 ||| Stepping randomly (stuck).
  2623 | D:3      | 2623 ||| Stepping randomly (stuck).
  2624 | D:3      | 2624 ||| Stepping randomly (stuck).
  2625 | D:3      | 2625 ||| Stepping randomly (stuck).
  2626 | D:3      | 2626 ||| Stepping randomly (stuck).
  2627 | D:3      | 2627 ||| Stepping randomly (stuck).
  2628 | D:3      | 2628 ||| Stepping randomly (stuck).
  2629 | D:3      | 2629 ||| Stepping randomly (stuck).
  2630 | D:3      | 2630 ||| Stepping randomly (stuck).
  2631 | D:3      | 2631 ||| Stepping randomly (stuck).
  2632 | D:3      | 2632 ||| Stepping randomly (stuck).
  2633 | D:3      | 2633 ||| Stepping randomly (stuck).
  2634 | D:3      | 2634 ||| Stepping randomly (stuck).
  2635 | D:3      | 2635 ||| Stepping randomly (stuck).
  2636 | D:3      | 2636 ||| Stepping randomly (stuck).
  2637 | D:3      | 2637 ||| Stepping randomly (stuck).
  2638 | D:3      | 2638 ||| Stepping randomly (stuck).
  2639 | D:3      | 2639 ||| Stepping randomly (stuck).
  2640 | D:3      | 2640 ||| Stepping randomly (stuck).
  2641 | D:3      | 2641 ||| Stepping randomly (stuck).
  2642 | D:3      | 2642 ||| Stepping randomly (stuck).
  2643 | D:3      | 2643 ||| Stepping randomly (stuck).
  2644 | D:3      | 2644 ||| Stepping randomly (stuck).
  2645 | D:3      | 2645 ||| Stepping randomly (stuck).
  2646 | D:3      | 2646 ||| Stepping randomly (stuck).
  2647 | D:3      | 2647 ||| Stepping randomly (stuck).
  2648 | D:3      | 2648 ||| Stepping randomly (stuck).
  2649 | D:3      | 2649 ||| Stepping randomly (stuck).
  2650 | D:3      | 2650 ||| Stepping randomly (stuck).
  2651 | D:3      | 2651 ||| Stepping randomly (stuck).
  2652 | D:3      | 2652 ||| Stepping randomly (stuck).
  2653 | D:3      | 2653 ||| Stepping randomly (stuck).
  2654 | D:3      | 2654 ||| Stepping randomly (stuck).
  2655 | D:3      | 2655 ||| Stepping randomly (stuck).
  2656 | D:3      | 2656 ||| Stepping randomly (stuck).
  2657 | D:3      | 2657 ||| Stepping randomly (stuck).
  2658 | D:3      | 2658 ||| Stepping randomly (stuck).
  2659 | D:3      | 2659 ||| Stepping randomly (stuck).
  2660 | D:3      | 2660 ||| Stepping randomly (stuck).
  2661 | D:3      | 2661 ||| Stepping randomly (stuck).
  2662 | D:3      | 2662 ||| Stepping randomly (stuck).
  2663 | D:3      | 2663 ||| Stepping randomly (stuck).
  2664 | D:3      | 2664 ||| Stepping randomly (stuck).
  2665 | D:3      | 2665 ||| Stepping randomly (stuck).
  2666 | D:3      | 2666 ||| Stepping randomly (stuck).
  2667 | D:3      | 2667 ||| Stepping randomly (stuck).
  2668 | D:3      | 2668 ||| Stepping randomly (stuck).
  2669 | D:3      | 2669 ||| Stepping randomly (stuck).
  2670 | D:3      | 2670 ||| Stepping randomly (stuck).
  2671 | D:3      | 2671 ||| Stepping randomly (stuck).
  2672 | D:3      | 2672 ||| Stepping randomly (stuck).
  2673 | D:3      | 2673 ||| Stepping randomly (stuck).
  2674 | D:3      | 2674 ||| Stepping randomly (stuck).
  2675 | D:3      | 2675 ||| Stepping randomly (stuck).
  2676 | D:3      | 2676 ||| Stepping randomly (stuck).
  2677 | D:3      | 2677 ||| Stepping randomly (stuck).
  2678 | D:3      | 2678 ||| Stepping randomly (stuck).
  2679 | D:3      | 2679 ||| Stepping randomly (stuck).
  2680 | D:3      | 2680 ||| Stepping randomly (stuck).
  2681 | D:3      | 2681 ||| Stepping randomly (stuck).
  2682 | D:3      | 2682 ||| Stepping randomly (stuck).
  2683 | D:3      | 2683 ||| Stepping randomly (stuck).
  2684 | D:3      | 2684 ||| Stepping randomly (stuck).
  2685 | D:3      | 2685 ||| Stepping randomly (stuck).
  2686 | D:3      | 2686 ||| Stepping randomly (stuck).
  2687 | D:3      | 2687 ||| Stepping randomly (stuck).
  2688 | D:3      | 2688 ||| Stepping randomly (stuck).
  2689 | D:3      | 2689 ||| Stepping randomly (stuck).
  2690 | D:3      | 2690 ||| Stepping randomly (stuck).
  2691 | D:3      | 2691 ||| Stepping randomly (stuck).
  2692 | D:3      | 2692 ||| Stepping randomly (stuck).
  2693 | D:3      | 2693 ||| Stepping randomly (stuck).
  2694 | D:3      | 2694 ||| Stepping randomly (stuck).
  2695 | D:3      | 2695 ||| Stepping randomly (stuck).
  2696 | D:3      | 2696 ||| Stepping randomly (stuck).
  2697 | D:3      | 2697 ||| Stepping randomly (stuck).
  2698 | D:3      | 2698 ||| Stepping randomly (stuck).
  2699 | D:3      | 2699 ||| Stepping randomly (stuck).
  2700 | D:3      | 2700 ||| Stepping randomly (stuck).
  2701 | D:3      | 2701 ||| Stepping randomly (stuck).
  2707 | D:4      | Noticed Natasha
  2708 | D:4      | 2708 ||| Stepping ~*~*~tactically~*~*~ (hiding).
  2718 | D:4      | Killed Natasha
  2742 | D:4      | 2742 ||| Stepping ~*~*~tactically~*~*~ (stealth).
  2785 | D:4      | Noticed Natasha
  2789 | D:4      | 2789 ||| READING scroll of teleportation.
  2885 | D:4      | 2885 ||| FLEEEEING.
  2892 | D:4      | 2892 ||| STAIRDANCE
  3097 | D:2      | 3097 ||| Stepping ~*~*~tactically~*~*~ (stealth).
  3106 | D:2      | 3106 ||| Stepping ~*~*~tactically~*~*~ (stealth).
  3132 | D:2      | Reached XP level 7. HP: 42/44 MP: 7/7
  3134 | D:2      | Reached skill level 6 in Axes
  3145 | D:2      | 3145 ||| DROPPING +0 whip.
  3177 | D:2      | 3177 ||| DROPPING +0 hand axe.
  3217 | D:2      | Found Waowir Teze's Magic Scroll Emporium.
  3223 | D:2      | 3223 ||| BUYING scroll of enchant armour (105 gold).
  3223 | D:2      | Bought a scroll of enchant armour for 105 gold pieces
  3223 | D:2      | 3223 ||| BUYING scroll of identify (28 gold).
  3223 | D:2      | Bought a scroll of identify for 28 gold pieces
  3223 | D:2      | 3223 ||| SHOPLISTING scroll of identify (28 gold, have 25).
  3223 | D:2      | 3223 ||| SHOPLISTING scroll of teleportation (42 gold, have
                  | 25).
  3223 | D:2      | 3223 ||| READING scroll of enchant armour.
  3223 | D:2      | 3223 ||| ENCHANTING +0 cloak.
  3430 | D:3      | Found a sacrificial altar of Ru.
  3449 | D:3      | 3449 ||| READING scroll of enchant weapon.
  3449 | D:3      | 3449 ||| ENCHANTING +3 war axe of draining.
  3606 | D:3      | Found a hazy altar of Hepliaklqana.
  3615 | D:3      | Noticed Ijyb
  3631 | D:3      | 3631 ||| FLEEEEING.
  3632 | D:3      | 3632 ||| FLEEEEING.
  3633 | D:3      | 3633 ||| FLEEEEING.
  3634 | D:3      | 3634 ||| FLEEEEING.
  3635 | D:3      | 3635 ||| FLEEEEING.
  3636 | D:3      | 3636 ||| FLEEEEING.
  3637 | D:3      | 3637 ||| FLEEEEING.
  3638 | D:3      | 3638 ||| FLEEEEING.
  3639 | D:3      | 3639 ||| FLEEEEING.
  3640 | D:3      | 3640 ||| FLEEEEING.
  3641 | D:3      | 3641 ||| FLEEEEING.
  3642 | D:3      | 3642 ||| FLEEEEING.
  3729 | D:3      | 3729 ||| READING 2 scrolls of identify.
  3729 | D:3      | 3729 ||| IDENTIFYING lumpy red potion
  3731 | D:3      | 3731 ||| DROPPING potion of ambrosia.
  3907 | D:4      | Reached skill level 1 in Dodging
  3932 | D:4      | 3932 ||| Stepping ~*~*~tactically~*~*~ (stealth).
  3945 | D:4      | 3945 ||| Stepping ~*~*~tactically~*~*~ (hiding).
  4010 | D:4      | Killed Natasha
  4035 | D:4      | Noticed Natasha
  4036 | D:4      | 4036 ||| Stepping ~*~*~tactically~*~*~ (hiding).
  4037 | D:4      | 4037 ||| Stepping ~*~*~tactically~*~*~ (hiding).
  4046 | D:4      | Killed Natasha
  4648 | D:4      | 4648 ||| UPGRADING to amulet of reflection.
  4653 | D:4      | 4653 ||| READING scroll labelled WOASCH FAULA.
  4654 | D:4      | 4654 ||| READING scroll labelled XUWKIE MAUNOI.
  4655 | D:4      | 4655 ||| READING scroll labelled RAATA NIVI.
  4703 | D:5      | Entered Level 5 of the Dungeon
  4712 | D:5      | Reached skill level 7 in Axes
  4785 | D:5      | Reached XP level 8. HP: 50/50 MP: 8/8
  4847 | D:5      | 4847 ||| READING scroll of enchant armour.
  4847 | D:5      | 4847 ||| ENCHANTING +1 cloak.
  4976 | D:5      | 4976 ||| READING scroll of enchant weapon.
  4976 | D:5      | 4976 ||| ENCHANTING +4 war axe of draining.
  5189 | D:5      | 5189 ||| UPGRADING to +0 helmet.
  5194 | D:5      | 5194 ||| UPGRADING to +0 plate armour.
  5204 | D:5      | 5204 ||| DROPPING +0 chain mail.
  5205 | D:5      | 5205 ||| READING scroll labelled CEOSER IFEIR.
  5206 | D:5      | 5206 ||| READING scroll labelled UCIHIL ZOYF.
  5239 | D:5      | 5239 ||| DRINKING 2 silvery potions.
  5240 | D:5      | 5240 ||| READING 3 scrolls of identify.
  5240 | D:5      | 5240 ||| IDENTIFYING clear potion
  5369 | D:6      | Found an ancient bone altar of Kikubaaqudgha.
  5414 | D:6      | 5414 ||| READING scroll of enchant armour.
  5414 | D:6      | 5414 ||| ENCHANTING +0 helmet.
  5440 | D:6      | 5440 ||| DROPPING +2 cloak.
  5442 | D:6      | 5442 ||| DROPPING amulet of regeneration.
  5610 | D:6      | Found a sparkling altar of Nemelex Xobeh.
  5624 | D:6      | Found an ornate altar of the Wu Jian Council.
  5627 | D:6      | Found a white marble altar of Elyvilon.
  5630 | D:6      | Found a radiant altar of Vehumet.
  5667 | D:6      | Reached skill level 8 in Axes
  5916 | D:6      | 5916 ||| Stepping ~*~*~tactically~*~*~ (hiding).
  5922 | D:6      | Reached skill level 6 in Fighting
  5960 | D:6      | 5960 ||| FLEEEEING.
  5961 | D:6      | 5961 ||| FLEEEEING.
  5964 | D:6      | 5964 ||| FLEEEEING.
  5967 | D:6      | 5967 ||| FLEEEEING.
  5968 | D:6      | 5968 ||| FLEEEEING.
  5975 | D:6      | 5975 ||| FLEEEEING.
  5976 | D:6      | 5976 ||| FLEEEEING.
  5977 | D:6      | 5977 ||| FLEEEEING.
  5978 | D:6      | 5978 ||| FLEEEEING.
  5979 | D:6      | 5979 ||| FLEEEEING.
  5980 | D:6      | 5980 ||| FLEEEEING.
  5983 | D:6      | 5983 ||| FLEEEEING.
  5984 | D:6      | 5984 ||| FLEEEEING.
  5985 | D:6      | 5985 ||| FLEEEEING.
  5986 | D:6      | 5986 ||| FLEEEEING.
  5987 | D:6      | 5987 ||| FLEEEEING.
  5988 | D:6      | 5988 ||| FLEEEEING.
  5989 | D:6      | 5989 ||| FLEEEEING.
  5990 | D:6      | 5990 ||| FLEEEEING.
  5991 | D:6      | 5991 ||| FLEEEEING.
  5992 | D:6      | 5992 ||| FLEEEEING.
  5993 | D:6      | 5993 ||| FLEEEEING.
  5994 | D:6      | 5994 ||| FLEEEEING.
  5995 | D:6      | 5995 ||| FLEEEEING.
  5998 | D:6      | 5998 ||| FLEEEEING.
  6076 | D:6      | Reached XP level 9. HP: 53/55 MP: 9/9
  6078 | D:6      | Reached skill level 9 in Axes
  6475 | D:6      | 6475 ||| DROPPING +2 cloak.
  6476 | D:6      | 6476 ||| READING scroll labelled PYITTOT PUSI.
  6484 | D:7      | Noticed Joseph
  6492 | D:7      | Killed Joseph
  6557 | D:7      | 6557 ||| Stepping ~*~*~tactically~*~*~ (stealth).
  6558 | D:7      | 6558 ||| Stepping ~*~*~tactically~*~*~ (stealth).
  6561 | D:7      | 6561 ||| Stepping ~*~*~tactically~*~*~ (stealth).
  6564 | D:7      | 6564 ||| Stepping ~*~*~tactically~*~*~ (cloud).
  6640 | D:7      | Reached skill level 6 in Armour
  6770 | D:7      | 6770 ||| Stepping ~*~*~tactically~*~*~ (hiding).
  6771 | D:7      | 6771 ||| Stepping ~*~*~tactically~*~*~ (hiding).
  6910 | D:7      | Reached skill level 10 in Axes
  6915 | D:7      | 6915 ||| FLEEEEING.
  6916 | D:7      | 6916 ||| FLEEEEING.
  6917 | D:7      | 6917 ||| FLEEEEING.
  6918 | D:7      | 6918 ||| FLEEEEING.
  6919 | D:7      | 6919 ||| FLEEEEING.
  6920 | D:7      | 6920 ||| FLEEEEING.
  6921 | D:7      | 6921 ||| FLEEEEING.
  6922 | D:7      | 6922 ||| FLEEEEING.
  6923 | D:7      | 6923 ||| FLEEEEING.
  6924 | D:7      | 6924 ||| FLEEEEING.
  6925 | D:7      | 6925 ||| FLEEEEING.
  6926 | D:7      | 6926 ||| FLEEEEING.
  6927 | D:7      | 6927 ||| FLEEEEING.
  6928 | D:7      | 6928 ||| FLEEEEING.
  6928 | D:7      | Noticed a hornet
  6940 | D:7      | Killed a hornet
  6941 | D:7      | Reached XP level 10. HP: 25/65 MP: 10/10
  7390 | D:7      | Reached skill level 1 in Throwing
  7473 | D:7      | Found a staircase to the Ecumenical Temple.
  7474 | D:7      | 7474 ||| PLANNING TEMPLE
  7474 | D:7      | 7474 ||| READING 2 scrolls of identify.
  7474 | D:7      | 7474 ||| IDENTIFYING sedimented pink potion
  7484 | Temple   | Entered the Ecumenical Temple
  7550 | Temple   | 7550 ||| PLANNING OKAWARU WORSHIP
  8104 | Temple   | Became a worshipper of Warmaster Okawaru
  8105 | Temple   | 8105 ||| PLANNING D:1-11
  8404 | D:7      | Noticed Prince Ribbit
  8416 | D:7      | Killed Prince Ribbit
  8535 | D:7      | Identified the +1 chain mail of Fortification {rN+ Str+2
                  | Stlth+}
  8537 | D:7      | 8537 ||| DROPPING +1 chain mail of Fortification {rN+ Str+2
                  | Stlth+}.
  8703 | D:8      | 8703 ||| Stepping ~*~*~tactically~*~*~ (hiding).
  8757 | D:8      | 8757 ||| Stepping ~*~*~tactically~*~*~ (stealth).
  8759 | D:8      | Reached skill level 3 in Throwing
  8771 | D:8      | Reached * piety under Okawaru
  8808 | D:8      | 8808 ||| READING scroll of enchant weapon.
  8808 | D:8      | 8808 ||| ENCHANTING +5 war axe of draining.
  8824 | D:8      | 8824 ||| INVOKING Heroism.
  8825 | D:8      | 8825 ||| INVOKING Heroism.
  8865 | D:8      | 8865 ||| Stepping ~*~*~tactically~*~*~ (stealth).
  8869 | D:8      | Reached skill level 1 in Invocations
  9142 | D:8      | 9142 ||| READING scroll of enchant armour.
  9142 | D:8      | 9142 ||| ENCHANTING +1 helmet.
  9171 | D:8      | 9171 ||| Stepping ~*~*~tactically~*~*~ (hiding).
  9318 | D:8      | 9318 ||| DROPPING orb of energy.
  9341 | D:9      | 9341 ||| INVOKING Heroism.
  9376 | D:9      | Noticed a two-headed ogre
  9377 | D:9      | 9377 ||| INVOKING Heroism.
  9386 | D:9      | Killed a two-headed ogre
  9440 | D:9      | Found a staircase to the Lair.
  9442 | D:9      | Noticed Gastronok
  9443 | D:9      | 9443 ||| Stepping ~*~*~tactically~*~*~ (hiding).
  9450 | D:9      | 9450 ||| INVOKING Heroism.
  9460 | D:9      | Killed Gastronok
  9461 | D:9      | Reached skill level 11 in Axes
  9461 | D:9      | Reached XP level 11. HP: 51/69 MP: 12/14
  9528 | D:9      | Noticed a two-headed ogre
  9529 | D:9      | 9529 ||| Stepping ~*~*~tactically~*~*~ (stealth).
  9531 | D:9      | 9531 ||| Stepping ~*~*~tactically~*~*~ (stealth).
  9533 | D:9      | 9533 ||| INVOKING Heroism.
  9536 | D:9      | Killed a two-headed ogre
  9562 | D:9      | 9562 ||| INVOKING Heroism.
  9564 | D:9      | Noticed Psyche
  9572 | D:9      | Killed Psyche
  9582 | D:9      | Reached skill level 9 in Fighting
  9762 | D:9      | 9762 ||| Stepping ~*~*~tactically~*~*~ (stealth).
  9765 | D:9      | 9765 ||| Stepping ~*~*~tactically~*~*~ (stealth).
  9795 | D:9      | Reached ** piety under Okawaru
  9864 | D:9      | 9864 ||| Stepping ~*~*~tactically~*~*~ (stealth).
 10033 | D:9      | Found a shimmering blue altar of Sif Muna.
 10082 | D:9      | 10082 ||| Stepping ~*~*~tactically~*~*~ (stealth).
 10083 | D:9      | 10083 ||| Stepping ~*~*~tactically~*~*~ (stealth).
 10174 | D:9      | 10174 ||| Stepping ~*~*~tactically~*~*~ (stealth).
 10176 | D:9      | 10176 ||| Stepping ~*~*~tactically~*~*~ (stealth).
 10198 | D:9      | 10198 ||| Stepping ~*~*~tactically~*~*~ (cloud).
 10199 | D:9      | 10199 ||| INVOKING Heroism.
 10201 | D:9      | 10201 ||| Stepping ~*~*~tactically~*~*~ (stealth).
 10269 | D:9      | Found a blossoming altar of Fedhas.
 10363 | D:9      | 10363 ||| PLANNING LAIR
 10363 | D:9      | 10363 ||| UPGRADING to +0 kite shield.
 10373 | D:9      | 10373 ||| DROPPING +0 buckler.
 10374 | D:9      | 10374 ||| READING scroll labelled ILUCWU WUXE.
 10475 | D:9      | 10475 ||| READING 2 scrolls of identify.
 10475 | D:9      | 10475 ||| IDENTIFYING metallic amethyst potion
 10503 | Lair:1   | Entered Level 1 of the Lair of Beasts
 10564 | Lair:1   | Noticed a catoblepas
 10567 | Lair:1   | 10567 ||| INVOKING Heroism.
 10575 | Lair:1   | Killed a catoblepas
 10576 | Lair:1   | Reached skill level 6 in Shields
 10595 | Lair:1   | 10595 ||| INVOKING Heroism.
 10630 | Lair:1   | 10630 ||| Stepping ~*~*~tactically~*~*~ (stealth).
 10663 | Lair:1   | 10663 ||| Stepping ~*~*~tactically~*~*~ (stealth).
 10664 | Lair:1   | 10664 ||| Stepping ~*~*~tactically~*~*~ (stealth).
 10665 | Lair:1   | 10665 ||| Stepping ~*~*~tactically~*~*~ (stealth).
 10685 | Lair:1   | 10685 ||| INVOKING Heroism.
 10774 | Lair:1   | Reached *** piety under Okawaru
 10860 | Lair:1   | Noticed a boulder beetle
 10861 | Lair:1   | 10861 ||| INVOKING Heroism.
 10889 | Lair:1   | 10889 ||| INVOKING Heroism.
 10893 | Lair:1   | Killed a boulder beetle
 10894 | Lair:1   | Reached skill level 9 in Shields
 10894 | Lair:1   | Reached XP level 12. HP: 76/76 MP: 12/15
 10925 | Lair:1   | 10925 ||| READING scroll of enchant armour.
 10925 | Lair:1   | 10925 ||| ENCHANTING +0 plate armour.
 10978 | Lair:1   | 10978 ||| Stepping ~*~*~tactically~*~*~ (stealth).
 10980 | Lair:1   | 10980 ||| Stepping ~*~*~tactically~*~*~ (stealth).
 11270 | Lair:1   | Reached **** piety under Okawaru
 11293 | Lair:1   | Reached skill level 12 in Axes
 11537 | Lair:1   | 11537 ||| UPGRADING to +0 pair of boots.
 11542 | Lair:1   | 11542 ||| DROPPING ring of see invisible.
 11543 | Lair:1   | 11543 ||| READING scroll labelled KONKAU KEIDGH.
 11544 | Lair:1   | 11544 ||| DRINKING 2 red potions.
 11614 | Lair:2   | Noticed a skyshark
 11623 | Lair:2   | Killed a skyshark
 11623 | Lair:2   | Received a gift from Okawaru
 11668 | Lair:2   | 11668 ||| Stepping ~*~*~tactically~*~*~ (water).
 11708 | Lair:2   | Found a staircase to the Swamp.
 11786 | Lair:2   | 11786 ||| UPGRADING to +0 pair of gloves.
 11974 | Lair:2   | Reached skill level 6 in Invocations
 12036 | Lair:2   | 12036 ||| Stepping ~*~*~tactically~*~*~ (hiding).
 12042 | Lair:2   | Reached skill level 9 in Armour
 12372 | Lair:3   | 12372 ||| STAIRDANCE
 12406 | Lair:3   | Reached ***** piety under Okawaru
 12487 | Lair:3   | Noticed a skyshark
 12496 | Lair:3   | Received a gift from Okawaru
 12497 | Lair:3   | Killed a skyshark
 12593 | Lair:3   | Found a hole to the Spider Nest.
 12653 | Lair:3   | 12653 ||| Stepping ~*~*~tactically~*~*~ (hiding).
 12654 | Lair:3   | 12654 ||| Stepping ~*~*~tactically~*~*~ (hiding).
 12655 | Lair:3   | 12655 ||| Stepping ~*~*~tactically~*~*~ (hiding).
 12744 | Lair:3   | Reached XP level 13. HP: 79/82 MP: 19/19
 12763 | Lair:3   | 12763 ||| Stepping ~*~*~tactically~*~*~ (stealth).
 12798 | Lair:3   | 12798 ||| DROPPING +1 hand axe of freezing.
 12826 | Lair:3   | 12826 ||| Stepping ~*~*~tactically~*~*~ (hiding).
 12834 | Lair:3   | 12834 ||| Stepping ~*~*~tactically~*~*~ (hiding).
 13363 | Lair:3   | 13363 ||| Stepping ~*~*~tactically~*~*~ (stealth).
 13365 | Lair:3   | 13365 ||| Stepping ~*~*~tactically~*~*~ (hiding).
 13508 | Lair:3   | Found a radiant altar of Vehumet.
 13611 | Lair:3   | 13611 ||| DROPPING ring of wizardry.
 13706 | Lair:4   | 13706 ||| INVOKING Heroism.
 13707 | Lair:4   | 13707 ||| INVOKING Finesse.
 13713 | Lair:4   | 13713 ||| SWAPPING to +0 flail.
 13715 | Lair:4   | 13715 ||| SWAPPING to +6 war axe of draining.
 13715 | Lair:4   | Noticed Snorg
 13727 | Lair:4   | Killed Snorg
 13728 | Lair:4   | Reached skill level 9 in Invocations
 13738 | Lair:4   | Received a gift from Okawaru
 13738 | Lair:4   | Found the +2 hat of the Bear Spirit {Spirit, Bear, *Rage
                  | Will++}
 14038 | Lair:4   | 14038 ||| INVOKING Heroism.
 14039 | Lair:4   | 14039 ||| INVOKING Finesse.
 14043 | Lair:4   | 14043 ||| SWAPPING to +0 flail.
 14049 | Lair:4   | 14049 ||| SWAPPING to +6 war axe of draining.
 14189 | Lair:4   | 14189 ||| INVOKING Heroism.
 14423 | Lair:4   | Found a staircase to the Slime Pits.
 14423 | Lair:4   | Found a viscous altar of Jiyva.
 14494 | Lair:5   | Entered Level 5 of the Lair of Beasts
 14494 | Lair:5   | Found a basalt altar of Yredelemnul.
 14495 | Lair:5   | 14495 ||| INVOKING Heroism.
 14537 | Lair:5   | 14537 ||| INVOKING Finesse.
 14542 | Lair:5   | 14542 ||| INVOKING Heroism.
 14545 | Lair:5   | 14545 ||| SWAPPING to +0 flail.
 14558 | Lair:5   | 14558 ||| SWAPPING to +6 war axe of draining.
 14565 | Lair:5   | Reached skill level 13 in Axes
 14640 | Lair:5   | 14640 ||| INVOKING Heroism.
 14666 | Lair:5   | 14666 ||| Stepping ~*~*~tactically~*~*~ (hiding).
 14687 | Lair:5   | 14687 ||| Stepping ~*~*~tactically~*~*~ (stealth).
 14715 | Lair:5   | 14715 ||| Stepping ~*~*~tactically~*~*~ (stealth).
 14790 | Lair:5   | 14790 ||| INVOKING Heroism.
 14828 | Lair:5   | 14828 ||| INVOKING Heroism.
 14897 | Lair:5   | 14897 ||| INVOKING Heroism.
 14920 | Lair:5   | 14920 ||| INVOKING Heroism.
 14923 | Lair:5   | 14923 ||| SWAPPING to +0 flail.
 14942 | Lair:5   | 14942 ||| SWAPPING to +6 war axe of draining.
 15013 | Lair:5   | 15013 ||| READING scroll of enchant armour.
 15013 | Lair:5   | 15013 ||| ENCHANTING +0 pair of gloves.
 15065 | Lair:5   | 15065 ||| INVOKING Heroism.
 15096 | Lair:5   | 15096 ||| Stepping ~*~*~tactically~*~*~ (stealth).
 15125 | Lair:5   | 15125 ||| INVOKING Heroism.
 15158 | Lair:5   | 15158 ||| Stepping ~*~*~tactically~*~*~ (hiding).
 15159 | Lair:5   | 15159 ||| Stepping ~*~*~tactically~*~*~ (hiding).
 15160 | Lair:5   | 15160 ||| Stepping ~*~*~tactically~*~*~ (hiding).
 15181 | Lair:5   | 15181 ||| INVOKING Heroism.
 15183 | Lair:5   | Gained mutation: Your large and strong wings let you fly.
                  | [Gargoyle growth]
 15183 | Lair:5   | Reached XP level 14. HP: 86/88 MP: 18/21
 15189 | Lair:5   | Reached skill level 14 in Axes
 15224 | Lair:5   | 15224 ||| Stepping ~*~*~tactically~*~*~ (hiding).
 15239 | Lair:5   | 15239 ||| Stepping ~*~*~tactically~*~*~ (stealth).
 15244 | Lair:5   | 15244 ||| Stepping ~*~*~tactically~*~*~ (stealth).
 15252 | Lair:5   | 15252 ||| INVOKING Heroism.
 15276 | Lair:5   | 15276 ||| Stepping ~*~*~tactically~*~*~ (stealth).
 15290 | Lair:5   | 15290 ||| Stepping ~*~*~tactically~*~*~ (stealth).
 15295 | Lair:5   | 15295 ||| INVOKING Heroism.
 15337 | Lair:5   | 15337 ||| Stepping ~*~*~tactically~*~*~ (stealth).
 15419 | Lair:5   | 15419 ||| Stepping ~*~*~tactically~*~*~ (stealth).
 15425 | Lair:5   | 15425 ||| Stepping ~*~*~tactically~*~*~ (stealth).
 15470 | Lair:5   | 15470 ||| Stepping ~*~*~tactically~*~*~ (hiding).
 15533 | Lair:5   | 15533 ||| Stepping ~*~*~tactically~*~*~ (stealth).
 15534 | Lair:5   | 15534 ||| Stepping ~*~*~tactically~*~*~ (stealth).
 15535 | Lair:5   | 15535 ||| Stepping ~*~*~tactically~*~*~ (stealth).
 15538 | Lair:5   | 15538 ||| Stepping ~*~*~tactically~*~*~ (stealth).
 15539 | Lair:5   | 15539 ||| Stepping ~*~*~tactically~*~*~ (stealth).
 15541 | Lair:5   | 15541 ||| Stepping ~*~*~tactically~*~*~ (stealth).
 15600 | Lair:5   | 15600 ||| Stepping ~*~*~tactically~*~*~ (stealth).
 15638 | Lair:5   | 15638 ||| Stepping ~*~*~tactically~*~*~ (hiding).
 15643 | Lair:5   | 15643 ||| Stepping ~*~*~tactically~*~*~ (hiding).
 15779 | Lair:5   | 15779 ||| Stepping ~*~*~tactically~*~*~ (stealth).
 15961 | Lair:5   | 15961 ||| Stepping ~*~*~tactically~*~*~ (stealth).
 15987 | Lair:5   | 15987 ||| Stepping ~*~*~tactically~*~*~ (hiding).
 15991 | Lair:5   | 15991 ||| INVOKING Heroism.
 15992 | Lair:5   | 15992 ||| INVOKING Finesse.
 15999 | Lair:5   | Reached skill level 12 in Shields
 15999 | Lair:5   | 15999 ||| Stepping ~*~*~tactically~*~*~ (cloud).
 16212 | Lair:5   | 16212 ||| PLANNING D:1-11
 16212 | Lair:5   | 16212 ||| DROPPING +2 helmet.
 16213 | Lair:5   | 16213 ||| DROPPING ring of magical power.
 16214 | Lair:5   | 16214 ||| READING 8 scrolls of identify.
 16214 | Lair:5   | 16214 ||| IDENTIFYING glowing inky potion
 16215 | Lair:5   | 16215 ||| DROPPING potion of invisibility.
 16321 | D:10     | Entered Level 10 of the Dungeon
 16400 | D:10     | 16400 ||| FLEEEEING.
 16401 | D:10     | 16401 ||| FLEEEEING.
 16402 | D:10     | 16402 ||| FLEEEEING.
 16403 | D:10     | 16403 ||| FLEEEEING.
 16408 | D:10     | 16408 ||| FLEEEEING.
 16409 | D:10     | 16409 ||| FLEEEEING.
 16410 | D:10     | 16410 ||| FLEEEEING.
 16411 | D:10     | 16411 ||| FLEEEEING.
 16412 | D:10     | 16412 ||| FLEEEEING.
 16413 | D:10     | 16413 ||| FLEEEEING.
 16414 | D:10     | 16414 ||| FLEEEEING.
 16415 | D:10     | 16415 ||| FLEEEEING.
 16416 | D:10     | 16416 ||| FLEEEEING.
 16417 | D:10     | 16417 ||| FLEEEEING.
 16423 | D:10     | 16423 ||| FLEEEEING.
 16424 | D:10     | 16424 ||| FLEEEEING.
 16425 | D:10     | 16425 ||| FLEEEEING.
 16426 | D:10     | 16426 ||| FLEEEEING.
 16428 | D:10     | 16428 ||| Stepping ~*~*~tactically~*~*~ (hiding).
 16430 | D:10     | 16430 ||| FLEEEEING.
 16433 | D:10     | 16433 ||| INVOKING Heroism.
 16623 | D:10     | 16623 ||| Stepping ~*~*~tactically~*~*~ (hiding).
 16624 | D:10     | 16624 ||| Stepping ~*~*~tactically~*~*~ (hiding).
 16630 | D:10     | 16630 ||| Stepping ~*~*~tactically~*~*~ (hiding).
 16801 | D:10     | 16801 ||| Stepping ~*~*~tactically~*~*~ (stealth).
 16810 | D:10     | 16810 ||| Stepping ~*~*~tactically~*~*~ (stealth).
 16815 | D:10     | 16815 ||| Stepping ~*~*~tactically~*~*~ (stealth).
 16823 | D:10     | Received a gift from Okawaru
 17193 | D:10     | 17193 ||| READING scroll labelled HEUCIK DABAE.
 17432 | D:11     | 17432 ||| Stepping ~*~*~tactically~*~*~ (stealth).
 17433 | D:11     | 17433 ||| Stepping ~*~*~tactically~*~*~ (stealth).
 17455 | D:11     | 17455 ||| Stepping ~*~*~tactically~*~*~ (stealth).
 17493 | D:11     | Noticed Onakli's ghost (journeyman DsFi)
 17495 | D:11     | Found a bloodstained altar of Trog.
 17633 | D:11     | 17633 ||| DROPPING +6 ring of dexterity.
 17637 | D:11     | 17637 ||| Stepping ~*~*~tactically~*~*~ (hiding).
 17654 | D:11     | Received a gift from Okawaru
 17660 | D:11     | Found a staircase to the Orcish Mines.
 17672 | D:11     | 17672 ||| FLEEEEING.
 17673 | D:11     | 17673 ||| FLEEEEING.
 17700 | D:11     | 17700 ||| DROPPING +0 flail.
 17746 | D:11     | Found a transporter.
 17751 | D:11     | Found a transporter.
 17799 | D:11     | Found a portal to a secret trove of treasure.
 17964 | D:11     | 17964 ||| PLANNING D
 17964 | D:11     | 17964 ||| READING 9 scrolls of identify.
 17964 | D:11     | 17964 ||| IDENTIFYING glowing cyan potion
 17965 | D:11     | 17965 ||| DROPPING potion of brilliance.
 17971 | D:12     | Noticed Josephine
 17987 | D:12     | Killed Josephine
 17987 | D:12     | Received a gift from Okawaru
 18023 | D:12     | 18023 ||| READING scroll of enchant armour.
 18023 | D:12     | 18023 ||| ENCHANTING +1 pair of gloves.
 18028 | D:12     | 18028 ||| Stepping ~*~*~tactically~*~*~ (stealth).
 18029 | D:12     | 18029 ||| Stepping ~*~*~tactically~*~*~ (stealth).
 18038 | D:12     | 18038 ||| SWAPPING to +1 heavy broad axe.
 18039 | D:12     | 18039 ||| DROPPING +0 war axe.
 18040 | D:12     | 18040 ||| DROPPING +6 war axe of draining.
 18065 | D:12     | 18065 ||| INVOKING Heroism.
 18066 | D:12     | 18066 ||| INVOKING Finesse.
 18144 | D:12     | 18144 ||| Stepping ~*~*~tactically~*~*~ (stealth).
 18146 | D:12     | 18146 ||| Stepping ~*~*~tactically~*~*~ (stealth).
 18150 | D:12     | 18150 ||| Stepping ~*~*~tactically~*~*~ (hiding).
 18151 | D:12     | 18151 ||| Stepping ~*~*~tactically~*~*~ (hiding).
 18152 | D:12     | 18152 ||| Stepping ~*~*~tactically~*~*~ (hiding).
 18269 | D:12     | Noticed Azrael
 18270 | D:12     | 18270 ||| INVOKING Heroism.
 18271 | D:12     | 18271 ||| INVOKING Finesse.
 18278 | D:12     | 18278 ||| Stepping ~*~*~tactically~*~*~ (hiding).
 18296 | D:12     | Killed Azrael
 18386 | D:12     | Found Tetiydghe's Antique Armour Shoppe.
 18387 | D:12     | 18387 ||| INVOKING Heroism.
 18392 | D:12     | Reached skill level 15 in Axes
 18413 | D:12     | 18413 ||| BUYING pair of embroidered gloves (262 gold).
 18413 | D:12     | Bought a pair of embroidered gloves for 262 gold pieces
 18417 | D:12     | 18417 ||| READING scroll of enchant armour.
 18417 | D:12     | 18417 ||| ENCHANTING +0 pair of boots.
 18473 | D:12     | 18473 ||| INVOKING Heroism.
 18577 | D:12     | Noticed Kirke
 18578 | D:12     | 18578 ||| Stepping ~*~*~tactically~*~*~ (stealth).
 18580 | D:12     | 18580 ||| INVOKING Heroism.
 18581 | D:12     | 18581 ||| Stepping ~*~*~tactically~*~*~ (stealth).
 18582 | D:12     | 18582 ||| Stepping ~*~*~tactically~*~*~ (stealth).
 18590 | D:12     | Killed Kirke
 18721 | D:12     | Noticed Urug
 18722 | D:12     | 18722 ||| INVOKING Heroism.
 18730 | D:12     | Killed Urug
 18774 | D:12     | 18774 ||| SWAPPING to +6 broad axe.
 18775 | D:12     | 18775 ||| DROPPING +1 heavy broad axe.
 18889 | D:12     | 18889 ||| DROPPING +1 pair of gloves.
 18890 | D:12     | 18890 ||| DROPPING amulet of magic regeneration.
 18957 | D:13     | 18957 ||| Stepping ~*~*~tactically~*~*~ (hiding).
 18960 | D:13     | 18960 ||| Stepping ~*~*~tactically~*~*~ (hiding).
 18962 | D:13     | 18962 ||| Stepping ~*~*~tactically~*~*~ (hiding).
 19070 | D:13     | 19070 ||| Stepping ~*~*~tactically~*~*~ (hiding).
 19104 | D:13     | 19104 ||| Stepping ~*~*~tactically~*~*~ (stealth).
 19105 | D:13     | 19105 ||| Stepping ~*~*~tactically~*~*~ (stealth).
 19108 | D:13     | 19108 ||| Stepping ~*~*~tactically~*~*~ (stealth).
 19112 | D:13     | Reached XP level 15. HP: 95/95 MP: 22/22
 19378 | D:14     | 19378 ||| PLANNING BAZAAR
 19392 | D:14     | 19392 ||| INVOKING Heroism.
 19426 | D:14     | Reached skill level 6 in Throwing
 19450 | D:14     | 19450 ||| FLEEEEING.
 19451 | D:14     | 19451 ||| FLEEEEING.
 19452 | D:14     | 19452 ||| INVOKING Heroism.
 19525 | D:14     | Found a gate to the Vaults.
 19529 | D:14     | Reached skill level 3 in Dodging
 19602 | D:14     | Found a flickering gateway to a bazaar.
 19610 | Bazaar   | Entered a bazaar
 19618 | Bazaar   | Found Asooj's Magic Scroll Emporium.
 19618 | Bazaar   | Found Fetz's Jewellery Shoppe.
 19625 | Bazaar   | 19625 ||| BUYING +5 ring of evasion (684 gold).
 19625 | Bazaar   | Bought a +5 ring of evasion for 684 gold pieces
 19627 | Bazaar   | 19627 ||| BUYING 2 scrolls of enchant weapon (135 gold).
 19627 | Bazaar   | Bought 2 scrolls of enchant weapon for 135 gold pieces
 19627 | Bazaar   | 19627 ||| BUYING 2 scrolls of identify (36 gold).
 19627 | Bazaar   | Bought 2 scrolls of identify for 36 gold pieces
 19627 | Bazaar   | 19627 ||| BUYING scroll of brand weapon (85 gold).
 19627 | Bazaar   | Bought a scroll of brand weapon for 85 gold pieces
 19627 | Bazaar   | 19627 ||| BUYING scroll of enchant armour (67 gold).
 19627 | Bazaar   | Bought a scroll of enchant armour for 67 gold pieces
 19627 | Bazaar   | 19627 ||| BUYING scroll of enchant armour (67 gold).
 19627 | Bazaar   | Bought a scroll of enchant armour for 67 gold pieces
 19627 | Bazaar   | 19627 ||| BUYING scroll of enchant weapon (67 gold).
 19627 | Bazaar   | Bought a scroll of enchant weapon for 67 gold pieces
 19627 | Bazaar   | 19627 ||| READING 3 scrolls of enchant weapon.
 19627 | Bazaar   | 19627 ||| ENCHANTING +6 broad axe.
 19628 | Bazaar   | 19628 ||| READING 2 scrolls of enchant weapon.
 19628 | Bazaar   | 19628 ||| ENCHANTING +7 broad axe.
 19629 | Bazaar   | 19629 ||| READING scroll of enchant weapon.
 19629 | Bazaar   | 19629 ||| ENCHANTING +8 broad axe.
 19630 | Bazaar   | 19630 ||| READING scroll of brand weapon.
 19630 | Bazaar   | 19630 ||| BRANDING +9 broad axe.
 19631 | Bazaar   | 19631 ||| READING 2 scrolls of enchant armour.
 19631 | Bazaar   | 19631 ||| ENCHANTING +1 pair of boots.
 19632 | Bazaar   | 19632 ||| READING scroll of enchant armour.
 19632 | Bazaar   | 19632 ||| ENCHANTING +1 plate armour.
 19638 | Bazaar   | 19638 ||| UPGRADING to +5 ring of evasion.
 19640 | Bazaar   | 19640 ||| DROPPING +6 ring of strength.
 19646 | D:14     | 19646 ||| PLANNING D
 19751 | D:14     | 19751 ||| Stepping ~*~*~tactically~*~*~ (hiding).
 19754 | D:14     | 19754 ||| Stepping ~*~*~tactically~*~*~ (hiding).
 19931 | D:14     | Received a gift from Okawaru
 19941 | D:14     | 19941 ||| INVOKING Heroism.
 20169 | D:14     | Reached skill level 12 in Fighting
 20477 | D:14     | 20477 ||| DROPPING amulet of the acrobat.
 20495 | D:15     | Entered Level 15 of the Dungeon
 20553 | D:15     | 20553 ||| Stepping ~*~*~tactically~*~*~ (hiding).
 20555 | D:15     | Found a hide-covered altar of Uskayaw.
 20607 | D:15     | Found Fuxonir's Armour Emporium.
 20691 | D:15     | 20691 ||| Stepping ~*~*~tactically~*~*~ (hiding).
 20697 | D:15     | 20697 ||| INVOKING Heroism.
 20714 | D:15     | Reached skill level 12 in Armour
 20867 | D:15     | Noticed Agnes
 20868 | D:15     | 20868 ||| INVOKING Heroism.
 20880 | D:15     | Killed Agnes
 20898 | D:15     | 20898 ||| Stepping ~*~*~tactically~*~*~ (stealth).
 20920 | D:15     | 20920 ||| INVOKING Heroism.
 20928 | D:15     | 20928 ||| READING 5 scrolls of teleportation.
 21151 | D:15     | 21151 ||| Stepping ~*~*~tactically~*~*~ (hiding).
 21162 | D:15     | 21162 ||| DRINKING 10 potions of curing.
 21162 | D:15     | 21162 ||| (to cure confusion)
 21172 | D:15     | 21172 ||| INVOKING Heroism.
 21180 | D:15     | 21180 ||| Stepping ~*~*~tactically~*~*~ (hiding).
 21219 | D:15     | Found a staircase to the Depths.
 21457 | D:15     | 21457 ||| INVOKING Heroism.
 21460 | D:15     | 21460 ||| SWAPPING to +0 heavy flail.
 21467 | D:15     | 21467 ||| SWAPPING to +9 broad axe of chaos.
 21500 | D:15     | 21500 ||| PLANNING ORC
 21639 | Orc:1    | Entered Level 1 of the Orcish Mines
 21651 | Orc:1    | 21651 ||| Stepping ~*~*~tactically~*~*~ (hiding).
 21653 | Orc:1    | 21653 ||| Stepping ~*~*~tactically~*~*~ (stealth).
 21654 | Orc:1    | 21654 ||| Stepping ~*~*~tactically~*~*~ (hiding).
 21655 | Orc:1    | 21655 ||| Stepping ~*~*~tactically~*~*~ (hiding).
 21830 | Orc:2    | Entered Level 2 of the Orcish Mines
 21831 | Orc:2    | 21831 ||| INVOKING Heroism.
 21853 | Orc:2    | Reached skill level 16 in Axes
 21863 | Orc:2    | 21863 ||| INVOKING Heroism.
 22049 | Orc:1    | 22049 ||| INVOKING Heroism.
 22051 | Orc:1    | 22051 ||| Stepping ~*~*~tactically~*~*~ (hiding).
 22153 | Orc:1    | 22153 ||| Stepping ~*~*~tactically~*~*~ (stealth).
 22155 | Orc:1    | 22155 ||| Stepping ~*~*~tactically~*~*~ (hiding).
 22162 | Orc:1    | 22162 ||| Stepping ~*~*~tactically~*~*~ (hiding).
 22428 | Orc:2    | Found Mibagh's Magic Scroll Shop.
 22429 | Orc:2    | Found Qetwos's General Store.
 22432 | Orc:2    | 22432 ||| INVOKING Heroism.
 22436 | Orc:2    | Received a gift from Okawaru
 22456 | Orc:2    | HP: 24/96 [orc warrior/+0 halberd (9)]
 22457 | Orc:2    | 22457 ||| READING 5 scrolls of teleportation.
 22458 | Orc:2    | 22458 ||| DRINKING 3 potions of heal wounds.
 22461 | Orc:2    | Gained mutation: Potions are less effective at restoring
                  | your health. [a neqoxec]
 22467 | Orc:2    | 22467 ||| Stepping ~*~*~tactically~*~*~ (stealth).
 22651 | Orc:2    | 22651 ||| DRINKING 3 potions of mutation.
 22651 | Orc:2    | Lost mutation: Potions are less effective at restoring your
                  | health. [potion of mutation]
 22651 | Orc:2    | Gained mutation: You are partially covered in large bone
                  | plates. (SH +4) [potion of mutation]
 22651 | Orc:2    | Gained mutation: You are agile. (Dex +4, Str/Int -1)
                  | [potion of mutation]
 22678 | Orc:2    | Gained mutation: Armour fits poorly on your strangely
                  | shaped body. [a neqoxec]
 22695 | Orc:2    | 22695 ||| Stepping ~*~*~tactically~*~*~ (hiding).
 22704 | Orc:2    | 22704 ||| Stepping ~*~*~tactically~*~*~ (stealth).
 22705 | Orc:2    | 22705 ||| DRINKING 2 potions of mutation.
 22705 | Orc:2    | Lost mutation: Armour fits poorly on your strangely shaped
                  | body. [potion of mutation]
 22705 | Orc:2    | Lost mutation: You are partially covered in large bone
                  | plates. (SH +4) [potion of mutation]
 22705 | Orc:2    | Lost mutation: You are agile. (Dex +4, Str/Int -1) [potion
                  | of mutation]
 22705 | Orc:2    | Gained mutation: You expend magic power (3 MP) to
                  | strengthen your wands. [potion of mutation]
 22705 | Orc:2    | Gained mutation: You have a pair of small horns on your
                  | head. [potion of mutation]
 22705 | Orc:2    | Gained mutation: Your magical capacity is low. (-10% MP)
                  | [potion of mutation]
 22705 | Orc:2    | Gained mutation: Your flesh is cold resistant. (rC+)
                  | [potion of mutation]
 22709 | Orc:2    | 22709 ||| Stepping ~*~*~tactically~*~*~ (hiding).
 22718 | Orc:2    | 22718 ||| INVOKING Heroism.
 22745 | Orc:2    | 22745 ||| Stepping ~*~*~tactically~*~*~ (stealth).
 22831 | Orc:2    | 22831 ||| DROPPING +0 heavy flail.
 22837 | Orc:2    | 22837 ||| Stepping ~*~*~tactically~*~*~ (hiding).
 22839 | Orc:2    | 22839 ||| Stepping ~*~*~tactically~*~*~ (hiding).
 22863 | Orc:2    | 22863 ||| SHOPLISTING scroll of acquirement (832 gold, have
                  | 707).
 22863 | Orc:2    | 22863 ||| BUYING scroll of enchant armour (120 gold).
 22863 | Orc:2    | Bought a scroll of enchant armour for 120 gold pieces
 22863 | Orc:2    | 22863 ||| BUYING scroll of enchant weapon (120 gold).
 22863 | Orc:2    | Bought a scroll of enchant weapon for 120 gold pieces
 22863 | Orc:2    | 22863 ||| BUYING scroll of enchant weapon (120 gold).
 22863 | Orc:2    | Bought a scroll of enchant weapon for 120 gold pieces
 22863 | Orc:2    | 22863 ||| BUYING scroll of teleportation (48 gold).
 22863 | Orc:2    | Bought a scroll of teleportation for 48 gold pieces
 22863 | Orc:2    | 22863 ||| READING scroll of enchant armour.
 22863 | Orc:2    | 22863 ||| ENCHANTING +2 plate armour.
 22866 | Orc:2    | 22866 ||| SHOPLISTING 3 scrolls of enchant weapon (315
                  | gold, have 299).
 22866 | Orc:2    | 22866 ||| BUYING potion of mutation (112 gold).
 22866 | Orc:2    | Bought a potion of mutation for 112 gold pieces
 22866 | Orc:2    | 22866 ||| BUYING scroll of brand weapon (133 gold).
 22866 | Orc:2    | Bought a scroll of brand weapon for 133 gold pieces
 22866 | Orc:2    | 22866 ||| SHOPLISTING scroll of enchant weapon (105 gold,
                  | have 54).
 22866 | Orc:2    | 22866 ||| READING scroll of brand weapon.
 22866 | Orc:2    | 22866 ||| BRANDING +9 broad axe of chaos.
 22867 | Orc:2    | 22867 ||| DROPPING +0 war axe.
 22881 | Orc:2    | 22881 ||| INVOKING Heroism.
 22885 | Orc:2    | 22885 ||| Stepping ~*~*~tactically~*~*~ (hiding).
 22908 | Orc:2    | 22908 ||| Stepping ~*~*~tactically~*~*~ (hiding).
 22951 | Orc:2    | Reached XP level 16. HP: 89/101 MP: 21/21
 22952 | Orc:2    | 22952 ||| Stepping ~*~*~tactically~*~*~ (hiding).
 22953 | Orc:2    | 22953 ||| Stepping ~*~*~tactically~*~*~ (hiding).
 22957 | Orc:2    | 22957 ||| INVOKING Heroism.
 22975 | Orc:2    | 22975 ||| Stepping ~*~*~tactically~*~*~ (hiding).
 22978 | Orc:2    | 22978 ||| INVOKING Finesse.
 23021 | Orc:2    | 23021 ||| Stepping ~*~*~tactically~*~*~ (hiding).
 23055 | Orc:2    | 23055 ||| FLEEEEING.
 23056 | Orc:2    | 23056 ||| FLEEEEING.
 23062 | Orc:2    | 23062 ||| FLEEEEING.
 23063 | Orc:2    | 23063 ||| FLEEEEING.
 23068 | Orc:2    | 23068 ||| FLEEEEING.
 23069 | Orc:2    | 23069 ||| FLEEEEING.
 23070 | Orc:2    | 23070 ||| FLEEEEING.
 23071 | Orc:2    | 23071 ||| FLEEEEING.
 23077 | Orc:2    | 23077 ||| FLEEEEING.
 23078 | Orc:2    | 23078 ||| FLEEEEING.
 23079 | Orc:2    | 23079 ||| FLEEEEING.
 23080 | Orc:2    | 23080 ||| FLEEEEING.
 23081 | Orc:2    | 23081 ||| FLEEEEING.
 23086 | Orc:2    | 23086 ||| FLEEEEING.
 23087 | Orc:2    | 23087 ||| FLEEEEING.
 23088 | Orc:2    | 23088 ||| FLEEEEING.
 23089 | Orc:2    | 23089 ||| FLEEEEING.
 23090 | Orc:2    | 23090 ||| FLEEEEING.
 23091 | Orc:2    | 23091 ||| FLEEEEING.
 23092 | Orc:2    | 23092 ||| FLEEEEING.
 23093 | Orc:2    | 23093 ||| FLEEEEING.
 23094 | Orc:2    | 23094 ||| STAIRDANCE
 23141 | Orc:1    | 23141 ||| DROPPING +2 helmet.
 23148 | Orc:2    | 23148 ||| STAIRDANCE
 23316 | Orc:2    | Found Aranorig's Antique Armour Emporium.
 23319 | Orc:2    | 23319 ||| SHOPLISTING runed hat (140 gold, have 125).
 23349 | Orc:2    | Noticed Sonja
 23350 | Orc:2    | 23350 ||| INVOKING Finesse.
 23356 | Orc:2    | Killed Sonja
 23446 | Orc:2    | Found a staircase to the Elven Halls.
 23564 | Orc:2    | 23564 ||| Stepping ~*~*~tactically~*~*~ (hiding).
 23569 | Orc:2    | 23569 ||| INVOKING Heroism.
 23589 | Orc:2    | Found Xuutur's Jewellery Shoppe.
 23589 | Orc:2    | Found Suishiak's Antique Weapon Emporium.
 23590 | Orc:2    | Found a one-way gate leading to the halls of Pandemonium.
 23592 | Orc:2    | 23592 ||| SHOPLISTING amulet of faith (600 gold, have 253).
 23592 | Orc:2    | 23592 ||| SHOPLISTING ring of Azatog {rPois rCorr MP-9
                  | Int+3} (300 gold, have 253).
 23592 | Orc:2    | 23592 ||| SHOPLISTING ring of fire (375 gold, have 253).
 23592 | Orc:2    | 23592 ||| SHOPLISTING ring of protection from fire (375
                  | gold, have 253).
 23764 | Orc:2    | 23764 ||| PLANNING SWAMP:1-3
 23917 | Swamp:1  | Entered Level 1 of the Swamp
 23921 | Swamp:1  | 23921 ||| INVOKING Heroism.
 23922 | Swamp:1  | 23922 ||| INVOKING Finesse.
 23927 | Swamp:1  | 23927 ||| SWAPPING to +0 morningstar.
 23936 | Swamp:1  | 23936 ||| SWAPPING to +9 broad axe of freezing.
 23939 | Swamp:1  | Received a gift from Okawaru
 24061 | Swamp:1  | 24061 ||| SWAPPING to +0 morningstar.
 24069 | Swamp:1  | 24069 ||| SWAPPING to +9 broad axe of freezing.
 24077 | Swamp:1  | 24077 ||| Stepping ~*~*~tactically~*~*~ (cloud).
 24191 | Swamp:1  | 24191 ||| INVOKING Heroism.
 24198 | Swamp:1  | Reached skill level 17 in Axes
 24226 | Swamp:1  | Noticed Frances
 24227 | Swamp:1  | 24227 ||| INVOKING Finesse.
 24252 | Swamp:1  | Received a gift from Okawaru
 24254 | Swamp:1  | 24254 ||| INVOKING Heroism.
 24258 | Swamp:1  | Killed Frances
 24523 | Swamp:1  | 24523 ||| Stepping ~*~*~tactically~*~*~ (hiding).
 24524 | Swamp:1  | 24524 ||| Stepping ~*~*~tactically~*~*~ (hiding).
 24527 | Swamp:1  | 24527 ||| INVOKING Heroism.
 24528 | Swamp:1  | 24528 ||| SWAPPING to +0 morningstar.
 24534 | Swamp:1  | 24534 ||| SWAPPING to +9 broad axe of freezing.
 24543 | Swamp:1  | 24543 ||| Stepping ~*~*~tactically~*~*~ (hiding).
 24547 | Swamp:1  | 24547 ||| Stepping ~*~*~tactically~*~*~ (hiding).
 24548 | Swamp:1  | 24548 ||| Stepping ~*~*~tactically~*~*~ (hiding).
 24549 | Swamp:1  | 24549 ||| SWAPPING to +0 morningstar.
 24553 | Swamp:1  | 24553 ||| SWAPPING to +9 broad axe of freezing.
 24565 | Swamp:1  | 24565 ||| SWAPPING to +0 morningstar.
 24573 | Swamp:1  | 24573 ||| SWAPPING to +9 broad axe of freezing.
 24586 | Swamp:1  | 24586 ||| Stepping ~*~*~tactically~*~*~ (stealth).
 24613 | Swamp:1  | 24613 ||| Stepping ~*~*~tactically~*~*~ (stealth).
 24625 | Swamp:1  | 24625 ||| Stepping ~*~*~tactically~*~*~ (stealth).
 24654 | Swamp:1  | 24654 ||| Stepping ~*~*~tactically~*~*~ (stealth).
 24656 | Swamp:1  | 24656 ||| Stepping ~*~*~tactically~*~*~ (hiding).
 24682 | Swamp:1  | Noticed Mlioglotl
 24683 | Swamp:1  | 24683 ||| Stepping ~*~*~tactically~*~*~ (stealth).
 24685 | Swamp:1  | 24685 ||| INVOKING Heroism.
 24687 | Swamp:1  | 24687 ||| Stepping ~*~*~tactically~*~*~ (stealth).
 24695 | Swamp:1  | Noticed a tentacled monstrosity
 24698 | Swamp:1  | Killed Mlioglotl
 24889 | Swamp:1  | 24889 ||| INVOKING Heroism.
 25148 | Swamp:1  | 25148 ||| DROPPING +2 pair of gloves.
 25149 | Swamp:1  | 25149 ||| READING 14 scrolls of identify.
 25149 | Swamp:1  | 25149 ||| IDENTIFYING sedimented dark potion
 25220 | Swamp:2  | 25220 ||| Stepping ~*~*~tactically~*~*~ (stealth).
 25221 | Swamp:2  | 25221 ||| Stepping ~*~*~tactically~*~*~ (stealth).
 25234 | Swamp:2  | 25234 ||| INVOKING Heroism.
 25249 | Swamp:2  | Noticed Aizul
 25250 | Swamp:2  | 25250 ||| Stepping ~*~*~tactically~*~*~ (stealth).
 25252 | Swamp:2  | 25252 ||| Stepping ~*~*~tactically~*~*~ (hiding).
 25253 | Swamp:2  | 25253 ||| Stepping ~*~*~tactically~*~*~ (hiding).
 25254 | Swamp:2  | 25254 ||| SWAPPING to +0 morningstar.
 25258 | Swamp:2  | 25258 ||| SWAPPING to +9 broad axe of freezing.
 25268 | Swamp:2  | Killed Aizul
 25302 | Swamp:2  | 25302 ||| READING scroll of enchant armour.
 25302 | Swamp:2  | 25302 ||| ENCHANTING +3 plate armour.
 25332 | Swamp:2  | 25332 ||| Stepping ~*~*~tactically~*~*~ (hiding).
 25377 | Swamp:2  | Found a frozen archway.
 25519 | Swamp:2  | 25519 ||| INVOKING Heroism.
 25616 | Swamp:2  | 25616 ||| Stepping ~*~*~tactically~*~*~ (hiding).
 25725 | Swamp:2  | 25725 ||| INVOKING Heroism.
 25988 | Swamp:3  | 25988 ||| FLEEEEING.
 25989 | Swamp:3  | 25989 ||| FLEEEEING.
 26034 | Swamp:3  | Noticed a fenstrider witch
 26035 | Swamp:3  | 26035 ||| Stepping ~*~*~tactically~*~*~ (hiding).
 26038 | Swamp:3  | 26038 ||| INVOKING Heroism.
 26043 | Swamp:3  | Killed a fenstrider witch
 26397 | Swamp:3  | Identified the +0 spear "Guar" {elec, Str-3 Dex+6}
 26427 | Swamp:3  | Reached skill level 18 in Axes
 26432 | Swamp:3  | 26432 ||| INVOKING Heroism.
 26681 | Swamp:3  | 26681 ||| PLANNING SPIDER:1-3
 26778 | Spider:1 | Entered Level 1 of the Spider Nest
 26793 | Spider:1 | 26793 ||| STAIRDANCE
 26958 | Spider:1 | 26958 ||| STAIRDANCE
 26962 | Lair:3   | Reached XP level 17. HP: 98/108 MP: 22/22
 27078 | Spider:1 | 27078 ||| Stepping ~*~*~tactically~*~*~ (stealth).
 27197 | Spider:1 | 27197 ||| Stepping ~*~*~tactically~*~*~ (hiding).
 27198 | Spider:1 | 27198 ||| Stepping ~*~*~tactically~*~*~ (hiding).
 27270 | Spider:1 | 27270 ||| Stepping ~*~*~tactically~*~*~ (stealth).
 27273 | Spider:1 | 27273 ||| Stepping ~*~*~tactically~*~*~ (stealth).
 27334 | Spider:1 | 27334 ||| INVOKING Heroism.
 27382 | Spider:1 | 27382 ||| Stepping ~*~*~tactically~*~*~ (hiding).
 27393 | Spider:1 | 27393 ||| Stepping ~*~*~tactically~*~*~ (stealth).
 27394 | Spider:1 | 27394 ||| Stepping ~*~*~tactically~*~*~ (stealth).
 27414 | Spider:1 | 27414 ||| Stepping ~*~*~tactically~*~*~ (stealth).
 27464 | Spider:1 | 27464 ||| READING scroll of enchant armour.
 27464 | Spider:1 | 27464 ||| ENCHANTING +4 plate armour.
 27717 | Spider:1 | 27717 ||| Stepping ~*~*~tactically~*~*~ (stealth).
 27794 | Spider:1 | 27794 ||| Stepping ~*~*~tactically~*~*~ (stealth).
 27804 | Spider:1 | Received a gift from Okawaru
 27840 | Spider:1 | 27840 ||| INVOKING Heroism.
 27871 | Spider:1 | 27871 ||| Stepping ~*~*~tactically~*~*~ (stealth).
 27875 | Spider:1 | 27875 ||| Stepping ~*~*~tactically~*~*~ (hiding).
 27876 | Spider:1 | 27876 ||| Stepping ~*~*~tactically~*~*~ (stealth).
 27879 | Spider:1 | 27879 ||| INVOKING Finesse.
 28241 | Spider:1 | 28241 ||| DROPPING +2 chain mail of fire resistance.
 28502 | Spider:2 | 28502 ||| Stepping ~*~*~tactically~*~*~ (stealth).
 28536 | Spider:2 | 28536 ||| Stepping ~*~*~tactically~*~*~ (hiding).
 28538 | Spider:2 | 28538 ||| Stepping ~*~*~tactically~*~*~ (hiding).
 28544 | Spider:2 | 28544 ||| Stepping ~*~*~tactically~*~*~ (stealth).
 28687 | Spider:2 | 28687 ||| INVOKING Heroism.
 28871 | Spider:2 | 28871 ||| Stepping ~*~*~tactically~*~*~ (hiding).
 28872 | Spider:2 | 28872 ||| Stepping ~*~*~tactically~*~*~ (hiding).
 28873 | Spider:2 | 28873 ||| INVOKING Heroism.
 28905 | Spider:2 | 28905 ||| Stepping ~*~*~tactically~*~*~ (stealth).
 29043 | Spider:2 | 29043 ||| Stepping ~*~*~tactically~*~*~ (stealth).
 29044 | Spider:2 | 29044 ||| Stepping ~*~*~tactically~*~*~ (stealth).
 29047 | Spider:2 | 29047 ||| Stepping ~*~*~tactically~*~*~ (stealth).
 29051 | Spider:2 | 29051 ||| FLEEEEING.
 29053 | Spider:2 | 29053 ||| FLEEEEING.
 29054 | Spider:2 | 29054 ||| FLEEEEING.
 29055 | Spider:2 | 29055 ||| FLEEEEING.
 29056 | Spider:2 | 29056 ||| FLEEEEING.
 29057 | Spider:2 | 29057 ||| FLEEEEING.
 29058 | Spider:2 | 29058 ||| FLEEEEING.
 29059 | Spider:2 | 29059 ||| FLEEEEING.
 29060 | Spider:2 | 29060 ||| FLEEEEING.
 29061 | Spider:2 | 29061 ||| Stepping ~*~*~tactically~*~*~ (hiding).
 29063 | Spider:2 | Received a gift from Okawaru
 29252 | Spider:2 | 29252 ||| Stepping ~*~*~tactically~*~*~ (stealth).
 29321 | Spider:2 | 29321 ||| Stepping ~*~*~tactically~*~*~ (hiding).
 29382 | Spider:2 | 29382 ||| DROPPING +0 morningstar.
 29891 | Spider:3 | 29891 ||| INVOKING Finesse.
 30230 | Spider:3 | 30230 ||| Stepping ~*~*~tactically~*~*~ (hiding).
 30236 | Spider:3 | Reached skill level 15 in Fighting
 30271 | Spider:3 | Noticed Nikola
 30272 | Spider:3 | 30272 ||| Stepping ~*~*~tactically~*~*~ (hiding).
 30279 | Spider:3 | 30279 ||| INVOKING Heroism.
 30285 | Spider:3 | HP: 28/113 [Nikola/+1 rapier of electrocution (8)]
 30286 | Spider:3 | 30286 ||| READING 6 scrolls of teleportation.
 30287 | Spider:3 | Received a gift from Okawaru
 30307 | Spider:3 | 30307 ||| Stepping ~*~*~tactically~*~*~ (stealth).
 30308 | Spider:3 | HP: 24/113 [meliai/divine providence (12)]
 30309 | Spider:3 | 30309 ||| READING 5 scrolls of teleportation.
 30310 | Spider:3 | 30310 ||| DRINKING 5 potions of heal wounds.
 30332 | Spider:3 | 30332 ||| INVOKING Heroism.
 30334 | Spider:3 | HP: 24/113 [disintegration (23)]
 30335 | Spider:3 | 30335 ||| READING 4 scrolls of teleportation.
 30335 | Spider:3 | Blown up by an orb spider

Levels and vault maps discovered:
D:1:      dpeg_arrival_court, layout_loops_ring
D:2:      layout_loops_ring, serial_shops, nicolae_shop_pleasant_corner_grove
D:3:      layout_loops_ring, nicolae_ru_sacrificial_ziggurat,
          mainiacjoe_overflow_concentric_impassable, uniq_ijyb, uniq_grinder
D:4:      layout_basic, uniq_natasha
D:5:      layout_rooms, grunt_ministairs_2
D:6:      layout_basic, kennysheep_mini_moat, grunt_temple_overflow_cloverleaf,
          serial_co_window_serial, co_window_paths_a, co_window_corner_a,
          co_window_paths_a, co_window_corner_a, co_window_corner_a,
          co_window_broadway_c, co_window_2corner, co_window_paths_c,
          co_window_broadway_b, co_window_corner_ca, co_window_paths_d,
          kennysheep_doodads, minmay_checkerbox
D:7:      minmay_clustersquares, layout_basic, minmay_temple_entry_trees,
          enter_bailey_7, palyth_stone_intersect, minmay_hedge_maze,
          uniq_joseph, uniq_prince_ribbit1
D:8:      layout_loops_ring
D:9:      layout_basic, mainiacjoe_overflow_alcove_2,
          mainiacjoe_overflow_24_doors, lair_entry_dummy, minivault_23,
          minivault_24, uniq_gastronok, uniq_psyche
D:10:     layout_irregular_city, minivault_23
D:11:     layout_cave_pods, david_orc_5, gammafunk_ghost_wrathful_warriors,
          nicolae_trove_entry_free_sample
D:12:     layout_roguey, serial_shops, shop, bh_walls_and_bars, uniq_azrael,
          uniq_josephine, uniq_kirke, uniq_urug
D:13:     layout_rooms
D:14:     layout_basic, erik_vaults_1, serial_shops, bzr_entry_dummy,
          chequers_serial_rivers_micro_e
D:15:     gammafunk_enter_depths_forms, layout_loops_ring,
          nicolae_uskayaw_murder_on_the_dancefloor, serial_shops, shop,
          uniq_agnes
Temple:   compressed_dpeg_triangle_lava_temple
Lair:1:   layout_gridlike, infiniplex_staircase_pool_2
Lair:2:   layout_chaotic_city, swamp_mist, serial_bayou, serial_bayou_pond_e,
          serial_bayou_pond_d, serial_bayou_pond_d, serial_bayou_shore_a,
          serial_bayou_lake_a, serial_bayou_pond_e
Lair:3:   layout_long_grid, spider_nest_entry_web_field, serial_forest,
          infiniplex_forest_clump_diagonal, infiniplex_forest_lined_room_2,
          infiniplex_forest_corner_2, infiniplex_forest_straight_3,
          infiniplex_forest_straight_3, infiniplex_forest_clump_tiny,
          infiniplex_forest_clump_tiny, infiniplex_forest_clump_tiny,
          infiniplex_forest_clump_diagonal, lemuel_centaur_altar,
          infiniplex_staircase_pool
Lair:4:   layout_regular_city, slime_entry_1, lookout_lair_type, uniq_snorg
Lair:5:   guppyfry_lair_end_dragon, layout_long_grid,
          hangedman_lair_caniforms_friends, basic_altar
Swamp:1:  layout_basic_swamp, evilmike_swamp_ruin_house_4, st_swamp_ruins_4,
          uniq_frances, uniq_mlioglotl
Swamp:2:  layout_basic_swamp, portal_ice_cave_entry_pillars_three,
          hangedman_swamp_blocks, uniq_aizul
Swamp:3:  layout_basic_swamp, evilmike_swamp_ruin_house_6, swamp_pool4,
          nzn_swamp_dancing_lights
Spider:1: layout_spider_delve
Spider:2: layout_chambers, nicolae_spider_jagged_tunnels
Spider:3: layout_chambers, nicolae_spider_moth_buddies, uniq_arachne,
          uniq_nikola, uniq_louise
Orc:1:    layout_caves
Orc:2:    pf_orc_diabolical, layout_caves, serial_shops,
          nicolae_shop_real_fake_doors, basic_altar, uniq_sonja

Skill      XL: |  1  2  3  4  5  6  7  8  9 10 11 12 13 14 15 16 17 |
---------------+----------------------------------------------------+-----
Axes           | 2 3 5 7 8 10 11 12 13 15 16 18 | 18.0
Fighting       | 4 5 6 8 9 10 11 12 13 15 | 15.0
Dodging        | 1 2 3 |  3.2
Armour         | 5 6 7 8 9 10 11 12 13 | 13.5
Shields        | 4 5 9 10 11 12 13 14 | 14.0
Throwing       | 3 5 6 7 8 |  8.0
Invocations    | 4 8 10 | 10.0

Action                     |  1- 3 |  4- 6 |  7- 9 | 10-12 | 13-15 | 16-18 || total
---------------------------+-------+-------+-------+-------+-------+-------++-------
  Melee: War axe           |    87 |    72 |   203 |   399 |   569 |       ||  1330
         Unarmed           |       |     5 |       |       |       |       ||     5
         Flail             |       |       |       |       |    41 |       ||    41
         Broad axe         |       |       |       |       |   483 |   650 ||  1133
         Headbutt          |       |       |       |       |     7 |   127 ||   134
         Morningstar       |       |       |       |       |       |    32 ||    32
  Throw: Boomerang         |       |    17 |    17 |       |    48 |       ||    82
         Javelin           |       |       |       |    64 |   110 |   199 ||   373
 Invoke: Heroism           |       |       |       |    12 |    37 |    19 ||    68
         Finesse           |       |       |       |       |     6 |     6 ||    12
    Use: Scroll            |     3 |     8 |    13 |     7 |    16 |     6 ||    53
         Potion            |     2 |     1 |     1 |     1 |     4 |     1 ||    10
   Stab: Confused          |       |       |       |       |     2 |       ||     2
         Paralysed         |       |       |       |       |     1 |       ||     1
         Distracted        |       |       |       |       |       |     1 ||     1
 Armour: Scale mail        |    15 |       |       |       |       |       ||    15
         Chain mail        |    32 |    28 |    35 |       |       |       ||    95
         Plate armour      |       |       |    52 |   194 |   412 |   303 ||   961
  Dodge: Dodged            |    31 |    29 |   101 |   197 |   357 |   346 ||  1061
  Block: Buckler           |    11 |    12 |    81 |    93 |       |       ||   197
         Kite shield       |       |       |       |   160 |   777 |   471 ||  1408
         Reflection        |       |       |       |     1 |    20 |     7 ||    28

Table legend:
 A = Non-vault XP
 B = Vault XP
 C = Vault XP percentage of total XP
 D = Non-vault monster count
 E = Vault monster count
 F = Vault count percentage of total count
                 A         B        C        D         E       F
            +---------+---------+-------+---------+---------+-------
      Total |  158246 |   71334 |  31.1 |     693 |     247 |  26.3
            +---------+---------+-------+---------+---------+-------
        D:1 |      28 |       0 |   0.0 |      15 |       0 |   0.0
        D:2 |     158 |       0 |   0.0 |      32 |       0 |   0.0
        D:3 |      49 |     267 |  84.5 |      14 |       1 |   6.7
        D:4 |     438 |      36 |   7.6 |      24 |       1 |   4.0
        D:5 |     301 |     127 |  29.7 |       5 |       2 |  28.6
        D:6 |    1109 |      62 |   5.3 |      19 |       4 |  17.4
        D:7 |    1334 |    1926 |  59.1 |      21 |      18 |  46.2
        D:8 |    1537 |       0 |   0.0 |      19 |       0 |   0.0
        D:9 |    4042 |    1803 |  30.8 |      36 |       2 |   5.3
       D:10 |    4492 |       0 |   0.0 |      31 |       0 |   0.0
       D:11 |    2477 |     806 |  24.6 |      11 |      22 |  66.7
       D:12 |    5792 |    6324 |  52.2 |      18 |      15 |  45.5
       D:13 |    1244 |       0 |   0.0 |       8 |       0 |   0.0
       D:14 |    7334 |    1654 |  18.4 |      19 |       2 |   9.5
       D:15 |   11233 |    7160 |  38.9 |      20 |      10 |  33.3
     Lair:1 |    8062 |       0 |   0.0 |      32 |       0 |   0.0
     Lair:2 |    3655 |       0 |   0.0 |      13 |       0 |   0.0
     Lair:3 |   10835 |     454 |   4.0 |      46 |       4 |   8.0
     Lair:4 |    5926 |     992 |  14.3 |      19 |       1 |   5.0
     Lair:5 |   12713 |   14061 |  52.5 |      43 |      69 |  61.6
    Swamp:1 |   13696 |    8375 |  37.9 |      28 |      12 |  30.0
    Swamp:2 |    6154 |    1187 |  16.2 |      12 |       1 |   7.7
    Swamp:3 |    7547 |    1506 |  16.6 |      18 |       3 |  14.3
   Spider:1 |   19883 |       0 |   0.0 |      61 |       0 |   0.0
   Spider:2 |   13914 |    4991 |  26.4 |      42 |      13 |  23.6
   Spider:3 |    8033 |    1588 |  16.5 |      20 |       6 |  23.1
      Orc:1 |    1600 |     829 |  34.1 |      22 |       1 |   4.3
      Orc:2 |    4660 |   17186 |  78.7 |      45 |      60 |  57.1
            +---------+---------+-------+---------+---------+-------
